Cogmind - Beta 16.1 @@@ ROGUE MODE // 2026.04.13 @ 04:35:34 Player: cptwinky Result: Escaped! Performance ------------- Evolutions (9) 4500 Regions Visited (28) 5600 Robots Destroyed (467) 2335 Value Destroyed (24017) 24017 Prototype IDs (55) 1100 Alien Tech Used (0) 0 Bonus (17164) 17164 TOTAL SCORE: 54716 Bonus ------- High Alert Combat Kills 3767 Follower Combat Kills 4918 Hunted by Unchained 500 Entered Garrisons 1200 Used RIF Installer 3000 Network Hubs Disabled 400 A7 Reached Mainframe 300 Met R17 at Cetus 500 Win 3000 Friendly Fire -421 Cogmind --------- Core Integrity 1243/1600 Matter 139/300 Energy 509/530 System Corruption 3% Temperature Hot (296) Movement Walking (112) Location To Epsilon Eridani Parts ------- > --- POWER (3) -------- Quantum Reactor Light Quantum Reactor Light Quantum Reactor > --- PROPULSION (7) --- Myomer Leg Biometal Leg Biometal Leg Biometal Leg Biometal Leg Centrium Leg High-density Centrium Leg > --- UTILITY (12) ----- Advanced Heat Sink Large Storage Unit Experimental Optical Array Advanced Signal Interpreter Improved Targeting Computer Advanced Melee Analysis Suite Layered Heavy Armor Plating Graphene Brace Improved Hacking Suite Improved Hacking Suite Advanced Hacking Suite > --- WEAPON (3) ------- Potential Cannon Enhanced Hardcell Cannon > --- INVENTORY (15) --- Biometal Leg Experimental Energy Well (106) Advanced Sensor Array Long-range Terrain Scanner Advanced Component Analysis Suite Enhanced Hardcell Cannon Gamma Bomb Array Ragnarok Missile Launcher Advanced Remote Datajack Vibroblade Enhanced Force Lance Peak State ------------ > --- POWER ------------ Particle Reactor Quantum Reactor Light Quantum Reactor > --- PROPULSION ------- Centrium Leg Heavy Shield Leg High-density Centrium Leg Myomer Exoskeleton > --- UTILITY ---------- Large Storage Unit Experimental Optical Array Advanced Signal Interpreter Experimental Targeting Computer Experimental Core Analyzer Centrium Heavy Armor Plating Experimental Shield Generator Hacking Suite Improved Hacking Suite Improved Hacking Suite Relay Coupler [Swarmer] > --- WEAPON ----------- Enhanced Hardcell Cannon Vibroblade Enhanced Force Lance > --- INVENTORY -------- Experimental Cooling System Experimental Energy Well Long-range Sensor Array Advanced Phase Shifter Graphene Brace Relay Coupler [Sentry] Relay Coupler [Behemoth] Advanced Component Analysis Suite Potential Cannon Enhanced Hardcell Cannon Gamma Bomb Array Ragnarok Missile Launcher Advanced Remote Datajack [Rating: 211] Favorites ----------- Power Heavy Ion Engine Engine Heavy Ion Engine Power Core Micro Nuclear Core Reactor Heavy Antimatter Reactor Propulsion Light Treads Treads Light Treads Leg Flexi-carbon Leg Hover Unit Cooled Airjet Flight Unit Improved VTOL Module Utility Advanced Signal Interpreter Device Cooling System Storage Huge Storage Unit Processor Advanced Signal Interpreter Hackware Improved Hacking Suite Protection Improved Light Armor Plating Weapon Advanced Beam Cannon Energy Gun Advanced Variable Charge Gun Energy Cannon Advanced Beam Cannon Ballistic Gun Flak Gun Ballistic Cannon Heavy Assault Cannon Launcher Long-range Missile Launcher Special Weapon Remote Datajack Impact Weapon Maul Slashing Weapon Phasing Sabre Piercing Weapon Enhanced Force Lance Special Melee Weapon Improved Datajack Build | -11 -10 -10 -9 -9 -8 -8 -8 -8 -7 -7 -7 -7 -6 -6 -6 -6 -6 -6 -5 -5 -5 -5 -4 -4 -3 -3 -2 -1 ------- Run | Yrd Mat Min Mat Min Mat Gar Mat Sto Fac Gar Fac Gar Fac Ext Cet Arc Hub Gar Fac Was Fac Gar Fac Gar Res Tes Res Acc Slots Evolved 18 | . . . 2 . 2 . . . 2 . . . 2 . . . . . 2 . . . 2 . 2 . 2 2 Power 2 | . . . . . . . . . . . . . . . . . . . 1 . . . . . . . 1 . Propulsion 5 | . . . 1 . . . . . 2 . . . . . . . . . 1 . . . . . 1 . . . Utility 10 | . . . 1 . 2 . . . . . . . 2 . . . . . . . . . 2 . 1 . 1 1 Weapon 1 | . . . . . . . . . . . . . . . . . . . . . . . . . . . . 1 Parts Attached 353 | 6 9 2 23 . 21 5 7 13 30 11 2 7 27 26 7 2 5 24 9 5 . 2 7 15 26 19 11 32 Power 39 | 1 1 1 3 . . . . 2 1 1 . . 1 2 1 . . 2 2 1 . . 2 2 6 . 3 7 Engine 11 | 1 1 1 3 . . . . 2 . . . . . 2 . . . . 1 . . . . . . . . . Core 5 | . . . . . . . . . 1 1 . . 1 . . . . . 1 . . . 1 . . . . . Reactor 23 | . . . . . . . . . . . . . . . 1 . . 2 . 1 . . 1 2 6 . 3 7 Propulsion 103 | 2 . . 9 . 10 2 1 6 13 . . . 15 9 2 . 1 2 2 4 . . 1 4 6 4 3 7 Treads 61 | 2 . . 9 . 10 2 1 6 8 . . . 5 9 2 . 1 2 2 . . . . . 2 . . . Leg 21 | . . . . . . . . . . . . . . . . . . . . . . . . 3 4 4 3 7 Wheel . | . . . . . . . . . . . . . . . . . . . . . . . . . . . . . Hover 10 | . . . . . . . . . . . . . 10 . . . . . . . . . . . . . . . Flight 11 | . . . . . . . . . 5 . . . . . . . . . . 4 . . 1 1 . . . . Utility 146 | 1 4 . 5 . 7 1 6 3 10 9 1 6 10 8 1 2 3 14 4 . . 2 3 7 12 9 4 14 Device 42 | . . . 3 . 2 1 1 . 2 1 1 . 2 1 . . 1 5 2 . . . 2 2 6 3 2 5 Storage 15 | 1 2 . 1 . 1 . 1 . 1 . . . 1 2 . . . . 1 . . . . . 1 2 . 1 Processor 14 | . . . . . . . 2 . 1 . . . 2 2 . . 1 . . . . . . 4 . . . 2 Hackware 43 | . . . . . 1 . 1 1 4 5 . 4 2 1 . 1 . 6 1 . . 2 1 1 3 2 2 5 Protection 32 | . 2 . 1 . 3 . 1 2 2 3 . 2 3 2 1 1 1 3 . . . . . . 2 2 . 1 Artifact . | . . . . . . . . . . . . . . . . . . . . . . . . . . . . . Weapon 65 | 2 4 1 6 . 4 2 . 2 6 1 1 1 1 7 3 . 1 6 1 . . . 1 2 2 6 1 4 Energy Gun 5 | . 1 1 . . . . . . . . . . . . 1 . . . . . . . 1 . . 1 . . Energy Cannon 7 | . . . 4 . . . . . . 1 . . . . . . . . . . . . . . . 1 1 . Ballistic Gun 16 | 2 3 . . . . . . . 3 . 1 . . 2 1 . . 3 . . . . . 1 . . . . Ballistic Cannon 16 | . . . 1 . 1 2 . 1 1 . . . . 4 1 . . 1 . . . . . 1 . . . 3 Launcher 8 | . . . 1 . 1 . . . . . . . 1 . . . . 1 . . . . . . 1 2 . 1 Special Weapon 5 | . . . . . . . . . 2 . . 1 . . . . . . 1 . . . . . 1 . . . Impact Weapon 1 | . . . . . 1 . . . . . . . . . . . . . . . . . . . . . . . Slashing Weapon 2 | . . . . . . . . . . . . . . . . . 1 . . . . . . . . 1 . . Piercing Weapon 1 | . . . . . . . . . . . . . . . . . . . . . . . . . . 1 . . Special Melee Weapon 4 | . . . . . 1 . . 1 . . . . . 1 . . . 1 . . . . . . . . . . Unidentified Prototypes 31 | . 1 . 3 . . . . . . . . . 1 . 4 . 1 7 1 . . . . 2 5 6 . . Parts Lost 64 | . . . 2 . 4 7 2 2 1 1 . 3 1 5 1 . 3 4 1 . . . 1 10 . . 3 13 Power 8 | . . . . . . 1 . . . . . . . . . . . . . . . . 1 2 . . 1 3 Propulsion 13 | . . . . . 2 2 . . . . . 2 . 2 . . . 1 . . . . . 3 . . . 1 Utility 36 | . . . 1 . 2 3 2 2 1 1 . 1 1 3 1 . 2 2 1 . . . . 4 . . 1 8 Weapon 7 | . . . 1 . . 1 . . . . . . . . . . 1 1 . . . . . 1 . . 1 1 Highest Loss Streak 5 | . . . 1 . 2 4 1 1 1 1 . 3 1 4 1 . 1 2 1 . . . 1 5 . . 2 3 To Critical Strikes 1 | . . . . . . . . . . . . . . . . . . . . . . . . . . . . 1 Average Backups 17 | 3 11 17 20 19 20 22 23 23 21 9 10 9 9 16 19 18 18 19 18 13 10 10 9 9 10 13 13 12 Power . | . 1 1 1 1 . . . 1 2 . . . . 1 1 1 1 1 . . . . . . . . . . Propulsion 3 | 2 1 2 5 5 6 6 6 7 5 . . . . 1 2 2 2 1 2 1 . . . . . . . . Utility 7 | . 4 6 6 5 5 9 10 9 10 6 7 6 5 6 9 9 9 11 11 8 7 7 5 5 6 6 5 6 Weapon 4 | . 5 8 6 6 6 5 4 3 1 2 3 1 2 5 4 4 3 3 2 1 1 1 2 2 2 5 6 4 Tool/Special . | . . . . . . . . . . . . . . . . . . . . . . . . . . . . . Unused Backups 57 | . 4 1 6 2 1 1 . 4 7 7 . 2 1 3 3 2 . 4 1 . . 1 1 . 2 2 . 2 Power 9 | . . . 1 . . . . 1 2 . . . . 1 2 1 . . 1 . . . . . . . . . Propulsion 9 | . 2 . 1 1 1 . . 1 1 . . . 1 . . . . . . . . . . . . . . 1 Utility 27 | . 1 . . 1 . 1 . 1 4 6 . 2 . . 1 1 . 4 . . . 1 . . 1 2 . 1 Weapon 12 | . 1 1 4 . . . . 1 . 1 . . . 2 . . . . . . . . 1 . 1 . . . Tool/Special . | . . . . . . . . . . . . . . . . . . . . . . . . . . . . . Average Slot Usage (%) 91 | . 98 100 99 100 95 80 82 89 96 99 100 85 96 98 88 86 85 84 84 83 82 87 87 82 97 91 82 84 Engine 5 | . 14 14 11 11 9 9 9 9 6 . . . . 5 1 . . . . 5 5 5 5 1 . . . . Reactor 2 | . . . . . . . . . . . . . . . 4 6 6 6 5 5 5 5 4 4 8 9 10 11 Treads 19 | . 28 28 33 33 26 24 27 27 34 . . . 2 28 22 20 20 18 20 3 . . . . 4 2 . . Leg 3 | . . . . . . . . . . . . . . . . . . . . . . . . 4 26 25 20 19 Hover 1 | . . . . . . . . . . . . . 30 4 . . . . . . . . . . . . . . Flight 3 | . . . . . . . . . 3 38 38 31 . . . . . . . 18 23 23 20 15 . . . . Device 6 | . . . 10 11 17 16 2 2 2 . 6 2 6 5 . . 3 2 4 2 . 2 10 7 5 3 7 6 Storage 7 | . 14 14 11 11 9 9 9 9 7 7 7 7 6 6 6 6 6 6 5 5 5 5 5 5 4 4 4 4 Processor 8 | . . . . . . . 14 16 7 14 7 7 11 13 20 15 13 13 11 11 11 11 10 12 19 19 17 15 Hackware 8 | . . . . . 9 9 8 10 9 8 15 11 12 4 6 10 9 14 14 11 11 14 14 15 15 10 9 12 Protection 7 | . 12 14 11 11 8 2 3 6 7 5 . 7 5 13 12 13 12 8 1 5 5 4 5 2 1 3 3 4 Energy Gun 1 | . . 20 . . . . . . . . . . . . . . 2 . . . . . 1 1 2 2 . . Energy Cannon 3 | . . . 20 21 10 . . . . . . . . . . . . . . . . . . . . . 1 . Ballistic Gun 2 | . 28 7 . . . . . . 7 . . . . 3 1 6 6 9 3 2 . . . . . . . . Ballistic Cannon 2 | . . . . . 3 8 9 8 . . . . . 6 10 6 3 . 2 3 5 5 . . 3 3 . 2 Peak Build Rating 211 | 6 12 14 22 22 27 28 31 33 53 49 49 45 63 67 100 105 110 110 112 110 105 118 120 118 138 182 203 211 Average Rating 65 | 5 10 13 18 21 25 26 27 30 39 46 45 37 56 49 85 103 107 99 105 104 105 111 115 101 129 163 188 190 On Entrance 70 | . 6 12 14 22 22 27 26 29 28 47 45 45 34 63 52 100 105 110 94 108 105 105 114 118 105 137 182 202 Avg Prop Armor Cover (%) 5 | . . . . . . . . . . . . . . 3 . . . . . . . . . 5 9 3 . 1 Naked Turns . | . . . . . . . . . . . . . . . . . . . . . . . . . . . . . Heaviest Build 130 | 11 56 58 105 105 110 110 101 103 104 26 25 26 39 81 88 89 91 90 80 45 43 46 44 45 83 99 110 130 Greatest Support 212 | 40 40 40 60 60 60 60 60 63 130 25 25 25 150 110 190 190 190 190 212 45 45 45 45 60 160 212 212 212 Greatest Overweight (x) 2 | . 1 1 1 1 2 2 1 1 1 1 . 1 1 1 . . . . . . . 1 . 1 . . . 1 Average Overweight (x) . | . . 1 . 1 1 1 1 1 . . . . . . . . . . . . . . . . . . . . Largest Inventory Capacity 25 | 8 20 20 25 25 25 25 25 25 25 10 10 10 10 20 20 20 20 20 20 20 10 10 10 10 15 15 15 15 Average Capacity 19 | 7 14 20 23 25 25 25 25 25 23 10 10 10 10 18 20 20 20 20 20 13 10 10 10 10 11 15 15 15 Most Carried 25 | 7 18 20 25 25 25 25 25 25 25 10 10 10 10 20 20 20 20 20 20 20 10 10 10 10 15 15 15 15 Average Carried 18 | 4 11 18 23 24 24 24 24 24 21 9 10 9 9 16 19 19 18 19 19 11 10 9 9 9 10 14 14 13 Final Capacity 25 | 8 20 20 25 25 25 25 25 25 10 10 10 10 10 20 20 20 20 20 20 10 10 10 10 10 15 15 15 15 Final Carried 25 | 7 18 20 25 25 24 20 25 19 10 10 10 10 10 20 20 20 18 20 20 10 10 10 10 10 15 15 15 11 Class Distribution -------------------- 26% | Mutant 21% | Scavenger-Mutant 17% | Bothacker-Mutant 5% | Scavenger-Assassin 5% | Commander-Mutant 3% | Sprinter Dominant Class ---------------- Mutant | -10/Materials Mutant | -10/Mines Mutant | -9/Materials Mutant | -9/Mines Scavenger-Mutant | -8/Materials Bothacker-Mutant | -8/Garrison Bothacker-Mutant | -8/Materials Bothacker-Mutant | -8/Storage Mutant | -7/Factory Sprinter | -7/Garrison Bothacker-Sprinter | -7/Factory Sprinter | -7/Garrison Scout | -6/Factory Commander-Mutant | -6/Extension Commander-Mutant | -6/Cetus Commander-Mutant | -6/Archives Scavenger-Mutant | -6/Hub_04(d) Bothacker-Mutant | -6/Garrison Scavenger-Assassin | -5/Factory Scavenger-Assassin | -5/Waste Scavenger-Assassin | -5/Factory Scavenger-Sprinter | -5/Garrison Bothacker-Scout | -4/Factory Bothacker-Scout | -4/Garrison Botlord-Mutant | -3/Research Scavenger-Mutant | -3/Testing Scavenger-Assassin | -2/Research Hacker-Gladiator | -1/Access Resources | -11 -10 -10 -9 -9 -8 -8 -8 -8 -7 -7 -7 -7 -6 -6 -6 -6 -6 -6 -5 -5 -5 -5 -4 -4 -3 -3 -2 -1 ----------- Run | Yrd Mat Min Mat Min Mat Gar Mat Sto Fac Gar Fac Gar Fac Ext Cet Arc Hub Gar Fac Was Fac Gar Fac Gar Res Tes Res Acc Matter Collected 15016 | 259 147 265 481 90 898 708 364 760 815 625 55 493 559 1071 231 256 479 1286 578 200 . 282 179 733 616 1268 282 1036 Remotely . | . . . . . . . . . . . . . . . . . . . . . . . . . . . . . Salvage Created 18628 | 116 201 48 1652 240 1747 485 462 731 731 519 72 491 850 1257 177 190 705 1076 674 . . 146 241 685 565 1920 1077 1570 Parts 867 | 12 12 5 93 15 94 26 15 40 33 17 4 12 20 61 8 15 28 31 48 . . 7 11 27 38 83 50 62 Haulers Intercepted 24 | . 2 . 6 . 5 . 2 6 . . . . . . . . 1 . 2 . . . . . . . . . Recyclers Shooed 22 | . 1 . 1 1 2 . 1 . . . . . 1 5 . . . . 5 . . . . . 3 1 1 . Parts Field Recycled . | . . . . . . . . . . . . . . . . . . . . . . . . . . . . . Retrieved Matter . | . . . . . . . . . . . . . . . . . . . . . . . . . . . . . Parts Self-Destructed . | . . . . . . . . . . . . . . . . . . . . . . . . . . . . . Prevented . | . . . . . . . . . . . . . . . . . . . . . . . . . . . . . Parts Restored . | . . . . . . . . . . . . . . . . . . . . . . . . . . . . . Kills | -11 -10 -10 -9 -9 -8 -8 -8 -8 -7 -7 -7 -7 -6 -6 -6 -6 -6 -6 -5 -5 -5 -5 -4 -4 -3 -3 -2 -1 ------- Run | Yrd Mat Min Mat Min Mat Gar Mat Sto Fac Gar Fac Gar Fac Ext Cet Arc Hub Gar Fac Was Fac Gar Fac Gar Res Tes Res Acc Combat Hostiles Destroyed 351 | . 3 3 32 9 37 24 11 17 8 21 1 9 15 19 2 . 15 18 12 . . . 2 17 11 24 14 27 Melee 30 | . . . . . . . . . . 3 . 2 . . . . 1 . . . . . 2 5 . 3 6 8 Guns 54 | . 3 3 . . . . . . 5 . 1 3 . 11 . . 7 11 3 . . . . . 1 5 1 . Cannons 149 | . . . 25 7 26 19 11 17 1 . . . . 5 2 . 4 . 5 . . . . 3 7 11 3 3 AOE 96 | . . . 6 2 10 5 . . 2 16 . . 12 3 . . 3 7 4 . . . . 9 3 . 2 12 Classes Destroyed 22 | 2 3 1 3 1 2 2 1 1 . 1 . . . . . . 1 2 . . . 1 . . . 1 . . Worker 19 | . 2 . 1 1 1 . 1 . 3 . . . 3 . . . . . 2 . . . 2 . 1 1 1 . Builder 14 | . . . 1 . 2 . . . . . . . 2 1 . . . . 4 . . . . . . 2 . 2 Tunneler 6 | 4 . . . . . . . . 1 . . . . 1 . . . . . . . . . . . . . . Hauler 24 | . 2 . 6 . 5 . 2 6 . . . . . . . . 1 . 2 . . . . . . . . . Recycler 21 | 1 . . 2 1 4 . 1 1 7 . . . 3 1 . . . . . . . . . . . . . . Mechanic 4 | . . . . . 1 . . . . . . . . 1 . . . . . . . . 1 . . 1 . . Operator 10 | . . . 1 . 3 . . . 1 . . . . 1 . 4 . . . . . . . . . . . . Watcher 13 | . . . . . 1 . . 2 2 . . . 3 . . . . . 2 . . . . . . 1 1 1 Swarmer 77 | . . 3 7 4 8 7 . 4 2 10 . 1 4 3 . . . 1 4 . . . . 6 5 . . 8 Cutter 3 | . . . . . . 2 . . . . . . . . . . . . . . . . . 1 . . . . Grunt 131 | . 3 . 16 3 24 9 8 6 2 8 . 5 8 5 . . 7 5 . . . . 2 8 1 8 1 2 Brawler 4 | . . . . . . . . . . 2 . . 1 1 . . . . . . . . . . . . . . Duelist 6 | . . . . . . . . 1 . . . . . . . . 2 . . . . . . 1 . 2 . . Protector 2 | . . . . . . . . . . . . . . . . . 1 . . . . . . . . 1 . . Sentry 57 | . . . 9 . 5 5 2 6 . . 1 3 . 10 . . 2 8 . . . . . 1 2 1 . 2 Hunter 26 | . . . . . . . 1 . 1 . . . . . . . 2 1 1 . . . . . . . 8 12 Programmer 36 | . . . . . . 1 . . 3 1 . . 2 . . . 1 1 7 . . . . 1 3 8 5 3 Behemoth 1 | . . . . . . . . . . . . . . . . . . . . . . 1 . . . . . . Cetus Guard 2 | . . . . . . . . . . . . . . . 2 . . . . . . . . . . . . . Striker 4 | . . . . . . . . . . . . . . . . . . 2 . . . . . . . 2 . . Executioner 2 | . . . . . . . . . . . . . . . . . . 2 . . . . . . . . . . Superbehemoth 1 | . . . . . . . . . . . . . . . . . . . . . . . . . . 1 . . Alpha 7 1 | . . . . . . . . . . . . . . . . . . . . . . . . . . 1 . . Assembled 2 | . . . . 2 . . . . . . . . . . . . . . . . . . . . . . . . Thug 1 | . . . . . . . . . . . . . . . . 1 . . . . . . . . . . . . Butcher 2 | . . . . . . . . . . . . . . 1 1 . . . . . . . . . . . . . Best Kill Streak 13 | 3 3 3 4 4 7 6 4 7 9 7 1 2 9 4 2 2 6 4 7 . . . 2 4 4 13 5 6 Combat Bots Only 11 | . 2 3 4 4 7 6 3 6 2 7 1 2 6 4 2 . 6 4 4 . . . 2 4 4 11 4 6 Max Kills in Single Turn 6 | 1 2 1 2 1 3 4 1 1 5 3 1 1 5 4 1 1 3 3 6 . . 1 1 4 3 2 2 5 Gunslinging . | . . . . . . . . . . . . . . . . . . . . . . . . . . . . . Exploded 5 | . . . 2 1 3 4 . . 2 3 . . 4 3 . . 3 3 3 . . . . 4 3 . 1 5 Melee 1 | . . . . . . . . . . 1 . 1 . . . . 1 . . . . . 1 1 . 1 1 1 Uniques/NPCs Destroyed . | . . . . . . . . . . . . . . . . . . . . . . . . . . . . . Combat | -11 -10 -10 -9 -9 -8 -8 -8 -8 -7 -7 -7 -7 -6 -6 -6 -6 -6 -6 -5 -5 -5 -5 -4 -4 -3 -3 -2 -1 -------- Run | Yrd Mat Min Mat Min Mat Gar Mat Sto Fac Gar Fac Gar Fac Ext Cet Arc Hub Gar Fac Was Fac Gar Fac Gar Res Tes Res Acc Hostile Shots Fired 2385 | . 14 10 82 15 140 126 32 55 75 43 9 119 42 309 20 . 86 311 93 . . 14 3 137 43 129 138 340 Missed 910 | . 4 3 23 4 40 41 12 13 28 21 5 60 19 146 6 . 30 133 24 . . 10 2 71 14 54 43 104 Deflected 2 | . . . . . . . . . . . . . . . . . . . . . . . . . . . . 2 Hits 1475 | . 10 7 59 11 100 85 20 42 47 22 4 59 23 163 14 . 56 178 69 . . 4 1 66 29 75 95 236 Melee 5 | . . . . . . 2 . . . . . . . . . . . . . . . . . 1 . 2 . . Projectile 1470 | . 10 7 59 11 100 83 20 42 47 22 4 59 23 163 14 . 56 178 69 . . 4 1 65 29 73 95 236 AOE 9 | . . . . . . 2 . . . . . . . . . . 1 . . . . . . 1 . 3 . 2 Critical Strikes 54 | . . 1 3 1 4 3 . 3 1 1 . . . 1 3 . 2 2 3 . . . 1 . 2 9 6 8 Actively Blocked 15 | . . . . . . . . . . . . . . . . . . . . . . . . . 2 7 2 4 Part Disruptions 1 | . . . . . . . . . . . . . . . . . . . . . . . . . . . . 1 Damage Taken 24872 | . 133 73 755 110 1477 1226 316 593 600 451 22 794 442 1265 368 . 1275 2320 1279 . . 59 33 1498 769 2138 2016 4860 Core 2614 | . 28 14 120 11 188 162 50 64 32 103 5 183 24 52 30 . 114 188 70 . . 23 . 309 90 160 237 357 Absorbed by Shields 1195 | . . . . . . 23 . . . . . . . 116 66 . . 183 . . . . . . . . 243 564 Reduced by Siege Mode 73 | . . . . . . . . . . . . . . . . . . 23 50 . . . . . . . . . Regen/Repaired (Parts) 1593 | . . . 51 . 236 . 99 . . . . . 35 . . . . . . . . . 79 . 165 . 928 . Core Remaining (%) 70 | 100 . 83 . 67 . . . 15 . . . 53 . . . . . 52 . . . 90 . 73 . 80 83 77 Volleys Fired 1177 | 8 23 3 78 16 114 77 37 74 34 33 6 41 20 86 10 67 43 61 50 . . 6 9 73 52 84 28 44 Largest 2 | 2 2 2 2 2 2 1 1 1 2 1 1 1 1 2 2 1 2 2 2 . . 1 1 1 2 2 1 2 Hottest 240 | 40 46 46 136 136 136 50 50 50 56 98 35 35 50 96 240 35 240 115 96 . . 58 80 240 240 240 94 200 Shots Fired 1539 | 16 46 6 147 27 156 77 37 74 53 33 6 41 20 107 19 67 73 100 81 . . 6 9 73 65 118 29 53 Gun 565 | 16 46 6 . . . . . . 38 . 2 24 . 72 1 67 43 86 40 . . . 7 35 27 51 4 . Cannon 773 | . . . 140 22 149 72 37 74 3 13 . . . 33 18 . 29 . 32 . . 3 . 21 27 47 21 32 Launcher 86 | . . . 7 5 7 5 . . 2 10 . 2 5 2 . . 1 4 2 . . . . 9 1 4 4 16 Special 115 | . . . . . . . . . 10 10 4 15 15 . . . . 10 7 . . 3 2 8 10 16 . 5 Kinetic 898 | 16 46 6 . . 65 72 37 74 41 . 2 24 . 105 18 67 59 65 72 . . 3 . 23 27 48 . 28 Thermal 419 | . . . 140 22 84 . . . . 13 . . . . 1 . 13 21 . . . . 7 33 27 50 4 4 Explosive 68 | . . . 7 5 7 5 . . 2 10 . 2 5 2 . . 1 4 2 . . . . 9 1 . 4 2 Electromagnetic 39 | . . . . . . . . . . . . . . . . . . . . . . . . . . 4 21 14 Robot Hit Streak 43 | 4 8 2 12 4 7 9 12 43 13 5 10 12 15 11 4 7 6 18 11 . . 11 13 17 15 16 8 12 Robot Miss Streak 10 | 1 3 2 4 4 4 2 1 2 8 2 1 1 6 6 2 5 4 6 4 . . . . 4 2 5 2 10 Penetration Max 3 | . . . . . . 1 1 1 . . . 1 . 3 1 . 1 1 2 . . . . 1 1 1 . . Secondary Targets 4 | . . . . . . . . . 1 . . . . . . . . 3 . . . . . . . . . . Max Gunslinging Chain 1 | . . . . . . . . . 1 . . . . . . . . 1 . . . . . . . . . . Shots Hit Robots 1195 | 12 38 4 89 12 87 44 31 59 60 23 5 41 35 98 11 33 33 106 56 . . 7 11 47 38 105 41 69 Core Hits 779 | 6 14 3 51 12 80 25 11 20 51 34 2 8 54 65 4 12 45 59 28 . . 1 4 32 20 69 26 43 Critical Kills 57 | . 1 . 1 . 1 . . . . . 1 3 1 14 3 4 6 1 . . . . . 2 6 13 . . Critical Parts Destroyed 82 | . . . . . . . . . 6 1 . 13 6 17 3 4 6 1 1 . . . . 6 2 16 . . Critical Strikes 199 | . 1 . 1 . 3 8 6 9 6 1 1 16 7 37 10 8 12 6 4 . . . 2 14 8 32 2 5 Meltdown 3 | . . . 1 . 1 . . . . . . . . . . . . . . . . . . . . 1 . . Destroy 128 | . 1 . . . . . . . . . 1 10 . 37 10 8 12 3 1 . . . . 8 8 29 . . Blast 28 | . . . . . 2 8 6 9 . . . . . . . . . . 3 . . . . . . . . . Smash 20 | . . . . . . . . . 6 1 . 6 7 . . . . . . . . . . . . . . . Sever 18 | . . . . . . . . . . . . . . . . . . 3 . . . . 2 6 . . 2 5 Impale 2 | . . . . . . . . . . . . . . . . . . . . . . . . . . 2 . . Melee Attacks 414 | . . . . . 1 . . 2 28 33 . 38 31 25 . . 1 41 16 . . 13 28 43 . 26 25 63 Impact 135 | . . . . . 1 . . . 27 33 . 38 31 5 . . . . . . . . . . . . . . Slashing 213 | . . . . . . . . . . . . . . . . . 1 27 15 . . 13 28 43 . 3 25 58 Piercing 28 | . . . . . . . . . . . . . . . . . . . . . . . . . . 23 . 5 Sneak Attacks 112 | . . . . . . . . 2 5 4 . 3 5 24 . . . 38 4 . . 4 4 1 . 18 . . Combat Hostiles 6 | . . . . . . . . . . 2 . 3 . . . . . . . . . . . 1 . . . . Follow-up Attacks 3 | . . . . . . . . . . . . . . . . . . . . . . . . . . . . 3 Damage Inflicted 54406 | 127 518 54 2330 531 4858 2919 1712 3162 1715 2360 15 1234 2797 2143 484 967 1702 4138 2898 . . 305 595 2260 1166 5193 2329 5894 Guns 7531 | 127 506 45 . . . . . . 644 . 15 149 . 625 . 967 579 1457 812 . . . . 102 311 1067 125 . Cannons 18836 | . . . 1772 239 3310 2555 1681 3137 22 . . . . 687 484 . 313 . 1053 . . . . 287 351 1153 551 1241 Explosions 14440 | . . . 512 259 1319 364 . . 422 1519 . 121 1730 470 . . 775 897 606 . . . . 1075 385 698 656 2632 Melee 12887 | . . . . . . . . . 613 841 . 964 1067 293 . . . 1783 367 . . 305 595 796 . 2260 982 2021 Ramming 712 | . 12 9 46 33 229 . 31 25 14 . . . . 68 . . 35 1 60 . . . . . 119 15 15 . Kinetic 20190 | 127 506 45 . . 2274 2555 1681 3137 666 . 15 149 . 1312 484 967 869 1139 1865 . . . . 343 351 882 . 823 Thermal 6218 | . . . 1772 239 1036 . . . . . . . . . . . 23 318 66 . . . . 46 311 1504 125 778 Explosive 12059 | . . . 512 259 955 364 . . 422 1519 . 121 1730 470 . . 775 897 540 . . . . 1075 385 . 656 1379 Electromagnetic 2340 | . . . . . 364 . . . . . . . . . . . . . . . . . . . . 532 551 893 Impact 3778 | . . . . . . . . . 613 841 . 964 1067 293 . . . . . . . . . . . . . . Slashing 6780 | . . . . . . . . . . . . . . . . . . 1783 367 . . 305 595 796 . 60 982 1892 Piercing 2329 | . . . . . . . . . . . . . . . . . . . . . . . . . . 2200 . 129 Highest Corruption 18 | . . . . . . . . . 3 . . 1 . . . . 2 3 4 12 12 12 . 1 2 18 9 9 Average Corruption 4 | . . . . . . . . . 2 . . 1 . . . . 1 2 2 9 12 12 . 1 2 11 8 2 Corruption Purged 13 | . . . . . . . . . 3 . . . . . . . . . . . . . . . . . . 10 Corruption Blocked . | . . . . . . . . . . . . . . . . . . . . . . . . . . . . . Effects 204 | . . . . . . . . . 10 . . 13 . . . . 4 32 17 3 1 21 . 5 11 51 18 18 Message Errors 41 | . . . . . . . . . 2 . . 2 . . . . . 6 3 2 . 5 . . 1 9 5 6 Matter Fused 53 | . . . . . . . . . 1 . . 3 . . . . 2 9 2 . 1 3 . 1 3 16 5 7 Heat Flow Errors 20 | . . . . . . . . . 3 . . 2 . . . . . 3 2 . . 3 . 1 . 5 1 . Energy Discharges 35 | . . . . . . . . . 2 . . 5 . . . . 1 3 5 . . 5 . 1 2 8 2 1 Parts Rejected 6 | . . . . . . . . . . . . . . . . . . 2 . . . 1 . . . 1 1 1 Parts Fused 4 | . . . . . . . . . 1 . . . . . . . . . . . . 1 . . . 2 . . Data Loss (minor) 24 | . . . . . . . . . 1 . . . . . . . . 4 3 . . . . 2 4 5 3 2 Data Loss (major) 4 | . . . . . . . . . . . . 1 . . . . . . . . . 1 . . . 2 . . Misfires 7 | . . . . . . . . . . . . . . . . . . 2 1 . . . . . 1 1 1 1 Alerts 5 | . . . . . . . . . . . . . . . . . 1 2 . . . 1 . . . 1 . . Misdirections 2 | . . . . . . . . . . . . . . . . . . . . 1 . 1 . . . . . . Weapon Failures 3 | . . . . . . . . . . . . . . . . . . 1 1 . . . . . . 1 . . Overload Shots 13 | . . . . . . . . . . . . . . . 1 . 2 . . . . . . 6 3 1 . . Overflow Damage 3420 | . . . 2 6 318 242 104 337 381 224 . 400 489 127 . . 3 107 146 . . . 126 41 . 161 90 116 Projectiles 1099 | . . . 2 3 272 240 104 337 . . . . . . . . . . 106 . . . . . . 8 . 27 Explosions 223 | . . . . 2 40 2 . . 13 33 . . 19 . . . 3 . . . . . . 41 . . 12 58 Melee 2098 | . . . . 1 6 . . . 368 191 . 400 470 127 . . . 107 40 . . . 126 . . 153 78 31 Knockbacks 99 | . . . . 1 14 12 8 12 2 4 . 4 4 10 1 . 1 . 8 . . . . 1 3 8 . 6 Impact 20 | . . . . 1 1 . . . 2 4 . 2 4 4 . . . . 1 . . . . . 1 . . . Kinetic 67 | . . . . . 11 9 6 12 . . . . . 6 1 . 1 . 4 . . . . 1 2 8 . 6 Secondary 12 | . . . . . 2 3 2 . . . . 2 . . . . . . 3 . . . . . . . . . Self-Inflicted Damage 1364 | . . . . . . 108 . . . 87 . . 101 85 . . 47 348 . . . . . 94 47 203 182 62 Shots 63 | . . . . . . 3 . . . 3 . . 5 5 . . 3 17 . . . . . 3 1 15 2 6 Rammed 50 | . 4 3 5 1 19 1 . 3 1 . . . . 5 . . 2 1 5 . . . . . . . . . Targets Rammed 81 | 1 4 3 7 3 22 1 1 5 2 . . . . 6 . . 3 1 6 . . . . . 14 1 1 . Kicked 16 | . . . . . . . . . . . . . . . . . . . . . . . . . 14 1 1 . Crushed 15 | 1 . . 2 2 3 . 1 2 1 . . . . 1 . . 1 . 1 . . . . . . . . . Highest Temperature 457 | . 29 . 72 72 69 9 7 30 216 116 4 277 8 54 194 . 457 251 260 . . 196 132 273 280 332 95 396 Average Temperature 49 | . 13 . 17 29 16 9 5 10 30 19 2 34 8 12 62 . 88 53 33 . . 69 56 68 81 96 33 115 Received Heat Transfer 4020 | . 75 9 339 48 792 278 108 216 117 72 . 270 114 347 9 . 153 389 45 . . 18 27 213 45 117 36 183 Effects 7 | . . . . . . . . . . . . . . . . . . 3 . . . . . . . . . 4 Shutdowns 3 | . . . . . . . . . . . . . . . . . . . . . . . . . . . . 3 Energy Bleed 2 | . . . . . . . . . . . . . . . . . . 1 . . . . . . . . . 1 Interference 2 | . . . . . . . . . . . . . . . . . . 2 . . . . . . . . . . Siege Activations 4 | . . . . . . . . . . . . . . . . . . 2 2 . . . . . . . . . Total Turns 108 | . . . . . . . . . . . . . . . . . . 40 68 . . . . . . . . . Longest Duration 36 | . . . . . . . . . . . . . . . . . . 29 36 . . . . . . . . . Martial Activations . | . . . . . . . . . . . . . . . . . . . . . . . . . . . . . Shielding Activations 1 | . . . . . . . . . . . . . . . . . . . . . . . . . . . . 1 Total Turns 8 | . . . . . . . . . . . . . . . . . . . . . . . . . . . . 8 Longest Duration 8 | . . . . . . . . . . . . . . . . . . . . . . . . . . . . 8 Robots Disrupted . | . . . . . . . . . . . . . . . . . . . . . . . . . . . . . Combat Hostiles . | . . . . . . . . . . . . . . . . . . . . . . . . . . . . . Robots Corrupted 30 | . . . . . 1 . 1 . 3 2 . 5 7 1 . . . . . . . . . . . 4 2 4 Combat Hostiles 19 | . . . . . . . . . . 2 . 4 3 . . . . . . . . . . . . 4 2 4 Parts Fried 46 | . . . . . 4 . 1 . 9 . . 4 5 2 . . 1 . . . . . . . . 9 6 5 Impact Corruptions 56 | . . . . 1 2 . 1 . 14 6 . 12 16 4 . . . . . . . . . . . . . . Robots Melted 3 | . . . 1 . 1 . . . . . . . . . . . . . . . . . . . . 1 . . Combat Hostiles 3 | . . . 1 . 1 . . . . . . . . . . . . . . . . . . . . 1 . . Parts Melted 19 | . . . 7 . 5 . . . . . . 1 . 1 . . . . . . . . . . . 2 2 1 Heat Transferred 8478 | . . . 3441 407 1850 . . . . . . . . . . . 37 384 50 . . . . 37 370 1314 148 440 Parts Sabotaged . | . . . . . . . . . . . . . . . . . . . . . . . . . . . . . Parts Stolen . | . . . . . . . . . . . . . . . . . . . . . . . . . . . . . Parts Stripped . | . . . . . . . . . . . . . . . . . . . . . . . . . . . . . Power Chain Reactions 1 | . . . . . . . . . . . . . . . . . . . . . . . . . . . . 1 Alert | -11 -10 -10 -9 -9 -8 -8 -8 -8 -7 -7 -7 -7 -6 -6 -6 -6 -6 -6 -5 -5 -5 -5 -4 -4 -3 -3 -2 -1 ------- Run | Yrd Mat Min Mat Min Mat Gar Mat Sto Fac Gar Fac Gar Fac Ext Cet Arc Hub Gar Fac Was Fac Gar Fac Gar Res Tes Res Acc Maximum Alert Level 4 | . . . 2 . 2 4 2 1 1 4 2 4 2 2 2 . 2 3 2 . . 2 1 3 3 3 3 4 Low Security (%) 39 | 100 100 100 23 100 49 . 90 95 61 5 . . 45 43 . 100 30 6 24 100 100 26 80 24 . . . . Level 1 20 | . . . 45 . 24 . . 4 38 8 . 9 28 39 69 . 53 6 63 . . 23 19 4 . . . 21 Level 2 19 | . . . 31 . 26 34 9 . . 24 100 24 26 17 30 . 15 22 11 . . 49 . 21 4 43 38 50 Level 3 16 | . . . . . . 37 . . . 35 . 36 . . . . . 64 . . . . . 49 95 56 61 18 Level 4 3 | . . . . . . 27 . . . 26 . 29 . . . . . . . . . . . . . . . 9 Level 5 . | . . . . . . . . . . . . . . . . . . . . . . . . . . . . . High Security . | . . . . . . . . . . . . . . . . . . . . . . . . . . . . . Max Security . | . . . . . . . . . . . . . . . . . . . . . . . . . . . . . Peak Influence 1421 | 15 56 70 512 186 628 1338 651 275 288 1178 674 1210 634 515 425 181 437 1077 566 125 59 530 297 984 979 917 888 1421 Initial 651 | . 3 15 . 186 20 405 651 35 1 195 618 345 634 95 283 125 21 77 564 125 59 41 277 41 553 534 515 528 Average 374 | 2 10 8 273 50 224 866 94 60 152 770 572 831 294 247 370 119 274 746 287 117 59 345 128 598 851 680 661 625 Influence Increases 19331 | 25 145 170 1098 211 1227 1003 367 643 789 1093 86 1085 750 1162 339 262 1017 1200 642 . . 489 224 1143 950 933 733 1545 Destroy 0b10 Robot/C 9360 | . 60 140 700 140 740 480 220 340 340 520 20 360 340 560 140 80 500 580 260 . . 180 60 420 500 600 320 760 Destroy 0b10 Robot/NC 725 | 25 20 . 65 10 85 . 20 45 75 . . 10 60 55 10 20 20 5 50 . . . 15 . 30 50 20 35 Destroy Leader 1586 | . 24 20 206 20 152 20 54 106 94 50 10 30 68 56 . . 134 30 58 . . 20 . 30 96 84 72 152 Allied During Kill 1364 | . . 10 15 . . . . . 17 12 2 35 12 330 150 95 213 74 3 . . 29 4 18 121 82 39 103 Trap Triggered on 0b10 170 | . . . . . 10 . . . 40 . . 80 10 . . . . . 20 . . . 10 . . . . . Successful Hack 593 | . 11 . 36 . 12 24 4 13 97 . 24 35 20 55 . . 5 10 42 . . 14 49 24 40 . 36 42 Select Force Hacks 30 | . 30 . . . . . . . . . . . . . . . . . . . . . . . . . . . Disable Machine 840 | . . . 15 15 90 . 30 45 60 . . 60 15 30 30 45 45 30 75 . . . 45 60 30 45 . 75 Anti-Garrison Action 1500 | . . . . . . 300 . . . 300 . 250 . . . . . 350 . . . 150 . 150 . . . . Destroy Structure 1813 | . . . 46 26 63 89 9 19 21 76 . 30 75 61 9 22 40 106 134 . . 36 26 231 118 42 246 288 Partial Spotted 270 | . . . . . . . . . . 45 30 60 60 . . . . . . . . . . 45 15 . . 15 Lose Combat Pursuer 1080 | . . . 15 . 75 90 30 75 45 90 . 135 90 15 . . 60 15 . . . 60 15 165 . 30 . 75 Influence Decreases 17910 | 20 110 210 619 636 657 289 1620 724 514 194 770 369 1763 853 531 515 968 233 1361 273 26 18 695 218 983 967 770 1004 Entered New Map 5932 | . 2 25 . 293 34 219 687 50 3 84 560 149 576 102 223 189 40 33 513 233 26 18 253 18 431 417 402 352 Time Decay 7475 | 20 108 185 559 343 583 . 313 391 491 . 60 . 422 601 198 206 398 . 553 20 . . 262 . 452 490 318 502 Lost Part 620 | . . . 20 . 40 70 20 10 . 10 . 30 10 50 10 . 30 40 10 . . . 10 100 . . 30 130 Lost Ally 1460 | . . . 40 . . . . . 20 100 . 190 80 100 100 120 200 160 10 20 . . 20 100 100 60 20 20 Purge Threat 2423 | . . . . . . . 600 273 . . 150 . 675 . . . 300 . 275 . . . 150 . . . . . Squads Dispatched 72 | . 1 . 4 . 6 . 2 1 8 . 1 . 4 2 . . 8 . 3 . . . 4 . 5 7 4 12 Investigation 17 | . 1 . 3 . 3 . . . 3 . 1 . 1 . . . . . 1 . . . 2 . . . 1 1 Extermination 19 | . . . . . . . . . 4 . . . 2 . . . 1 . 2 . . . 2 . 2 2 1 3 Reinforcement 24 | . . . 1 . 3 . 2 1 . . . . 1 2 . . 6 . . . . . . . 1 2 1 4 Assault 8 | . . . . . . . . . . . . . . . . . 1 . . . . . . . 2 2 1 2 Garrison 4 | . . . . . . . . . 1 . . . . . . . . . . . . . . . . 1 . 2 Intercept . | . . . . . . . . . . . . . . . . . . . . . . . . . . . . . Searches Triggered . | . . . . . . . . . . . . . . . . . . . . . . . . . . . . . Construction Impeded 5 | . . . . . 1 . . . . . . . . 1 . . . . . . . . . . . . . 3 Haulers Reinforced 4 | . . . . . . . . . . . . . 1 . . . 1 . . . . . . . . 1 1 . Active Scanning Responses . | . . . . . . . . . . . . . . . . . . . . . . . . . . . . . Cargo Convoy Interrupts . | . . . . . . . . . . . . . . . . . . . . . . . . . . . . . Stealth | -11 -10 -10 -9 -9 -8 -8 -8 -8 -7 -7 -7 -7 -6 -6 -6 -6 -6 -6 -5 -5 -5 -5 -4 -4 -3 -3 -2 -1 --------- Run | Yrd Mat Min Mat Min Mat Gar Mat Sto Fac Gar Fac Gar Fac Ext Cet Arc Hub Gar Fac Was Fac Gar Fac Gar Res Tes Res Acc Distress Signals 33 | . . . 4 1 7 . 3 1 4 . . . 3 3 1 . 2 1 . . . . . . . . 1 2 Communications Jammed 178 | . . . . . . . . . . . . . 20 . . . . . 6 . . . . . 9 87 56 . Distress Signals 176 | . . . . . . . . . . . . . 20 . . . . . 6 . . . . . 7 87 56 . Times Spotted 732 | . 12 5 53 9 62 29 15 25 33 40 3 33 40 37 11 30 32 37 19 4 1 15 8 33 28 43 29 46 Peak Tracking Total 9 | . 3 3 5 3 8 7 3 5 5 8 2 9 7 6 5 1 6 6 5 4 1 5 4 9 5 6 7 8 Tactical Retreats 51 | . . . 1 2 2 5 2 5 3 3 . 6 4 1 . . 4 1 . . . 2 1 5 . 2 . 2 ECM-based Alert Blocks 4 | . . . . . . . . . . . . . 1 . . . . . . . . . . 3 . . . . Traps | -11 -10 -10 -9 -9 -8 -8 -8 -8 -7 -7 -7 -7 -6 -6 -6 -6 -6 -6 -5 -5 -5 -5 -4 -4 -3 -3 -2 -1 ------- Run | Yrd Mat Min Mat Min Mat Gar Mat Sto Fac Gar Fac Gar Fac Ext Cet Arc Hub Gar Fac Was Fac Gar Fac Gar Res Tes Res Acc Traps Triggered 64 | . . . 2 . 2 8 . 7 . 8 . 16 1 . . . . 3 1 . . 4 . 4 1 3 . 4 Indirectly 1 | . . . . . . . . . . . . . . . . . . . . . . . . . . . . 1 Trap Hack Attempts 135 | . . . . . 44 . . . 48 . . . . . . . . 1 26 . . . 16 . . . . . Triggered . | . . . . . . . . . . . . . . . . . . . . . . . . . . . . . Disarmed 7 | . . . . . . . 6 . . . . . . . . . . 1 . . . . . . . . . . Reprogrammed 16 | . . . . . 4 . . . 6 . . . . . . . . . 5 . . . 1 . . . . . Reused 16 | . . . . . 1 . . . 4 . . 8 . . . . . . 2 . . . 1 . . . . . Traps Extracted . | . . . . . . . . . . . . . . . . . . . . . . . . . . . . . Installed 10 | . . . . . 1 . . . . . . 9 . . . . . . . . . . . . . . . . Triggered 17 | . . . . . 1 . . . 4 . . 8 1 . . . . . 2 . . . 1 . . . . . Most Traps Carried 3 | . . 3 3 1 1 . . . . . . 3 . . . . . . . . . . . . . . . . Machines | -11 -10 -10 -9 -9 -8 -8 -8 -8 -7 -7 -7 -7 -6 -6 -6 -6 -6 -6 -5 -5 -5 -5 -4 -4 -3 -3 -2 -1 ---------- Run | Yrd Mat Min Mat Min Mat Gar Mat Sto Fac Gar Fac Gar Fac Ext Cet Arc Hub Gar Fac Was Fac Gar Fac Gar Res Tes Res Acc Machines Disabled 82 | . . . 1 1 6 4 2 3 4 6 . 7 1 2 3 3 3 7 5 . . 3 3 8 2 3 . 5 Max in Single Turn 2 | . . . 1 1 2 1 1 1 1 1 . 1 1 . 1 1 1 1 2 . . 1 1 1 1 1 . 1 Garrison Access 10 | . . . . . . . . . 1 . . . . . . . . . 2 . . . 1 . 2 1 1 2 Garrison Relay 23 | . . . . . . 4 . . . 5 . 3 . . . . . 5 . . . 3 . 3 . . . . Network Hub 2 | . . . . . . . . . . . . . . . . . 2 . . . . . . . . . . . Machines Repaired . | . . . . . . . . . . . . . . . . . . . . . . . . . . . . . Machines Dismantled . | . . . . . . . . . . . . . . . . . . . . . . . . . . . . . Machines Sabotaged . | . . . . . . . . . . . . . . . . . . . . . . . . . . . . . Overloaded Fab Kills . | . . . . . . . . . . . . . . . . . . . . . . . . . . . . . Hacking | -11 -10 -10 -9 -9 -8 -8 -8 -8 -7 -7 -7 -7 -6 -6 -6 -6 -6 -6 -5 -5 -5 -5 -4 -4 -3 -3 -2 -1 --------- Run | Yrd Mat Min Mat Min Mat Gar Mat Sto Fac Gar Fac Gar Fac Ext Cet Arc Hub Gar Fac Was Fac Gar Fac Gar Res Tes Res Acc Machines Accessed 128 | . 4 . 10 . 8 3 4 5 15 3 3 3 9 17 . . 4 1 7 . 1 2 10 1 4 3 5 6 Terminals 81 | . 3 . 7 . 4 3 2 5 8 3 1 3 7 16 . . 3 1 2 . . 2 4 1 1 . 3 2 Fabricators 8 | . . . . . . . . . 3 . 1 . . . . . . . 2 . . . 1 . . 1 . . Repair Stations 12 | . . . 2 . 2 . 1 . 1 . . . 1 1 . . . . . . . . 1 . . 1 1 1 Recycling Units 3 | . 1 . . . . . . . . . . . . . . . . . . . . . 2 . . . . . Scanalyzers 7 | . . . 1 . 1 . 1 . 1 . . . . . . . . . 1 . . . . . 1 . . 1 Garrison Access 17 | . . . . . 1 . . . 2 . 1 . 1 . . . 1 . 2 . 1 . 2 . 2 1 1 2 Total Hacks 314 | . 10 . 31 . 24 5 20 13 27 6 8 4 23 27 . . 9 1 19 . 3 5 28 7 11 6 15 12 Successful 180 | . 5 . 14 . 17 2 14 9 15 1 5 3 11 16 . . 6 1 13 . 1 2 14 3 9 3 8 8 Failed 132 | . 4 . 17 . 7 3 6 4 12 5 3 1 12 10 . . 3 . 6 . 2 3 14 4 2 3 7 4 Catastrophic 18 | . . . 2 . 1 . . . 6 . . . 1 2 . . . . . . 1 . 1 . . 3 1 . Database Lockouts 2 | . 1 . . . . . . . . . . . . 1 . . . . . . . . . . . . . . Manual 96 | . 6 . 11 . 9 . 2 10 8 . 5 . 12 7 1 . 3 . . . 2 . 11 6 . . 3 . Terminals 187 | . 8 . 18 . 11 5 13 13 12 6 2 4 18 25 . . 8 1 4 . . 5 12 7 3 . 9 3 Fabricators 20 | . . . . . . . . . 7 . 2 . . . . . . . 8 . . . 2 . . 1 . . Repair Stations 37 | . . . 8 . 6 . 2 . 1 . . . 3 2 . . . . . . . . 4 . . 3 4 4 Recycling Units 5 | . 2 . . . . . . . . . . . . . . . . . . . . . 3 . . . . . Scanalyzers 24 | . . . 5 . 4 . 5 . 2 . . . . . . . . . 3 . . . . . 4 . . 1 Garrison Access 41 | . . . . . 3 . . . 5 . 4 . 2 . . . 1 . 4 . 3 . 7 . 4 2 2 4 Terminal Hacks 78 | . 3 . 4 . 4 2 6 7 5 1 1 3 6 13 . . 5 1 4 . . 2 4 1 1 . 3 2 Part Schematic 1 | . . . . . . . . . 1 . . . . . . . . . . . . . . . . . . . Robot Schematic 1 | . . . . . . . . . . . . . 1 . . . . . . . . . . . . . . . Robot Analysis 5 | . 1 . 1 . . . . 1 . . . . . 2 . . . . . . . . . . . . . . Prototype ID Bank 3 | . 2 . . . . . . . . . . . 1 . . . . . . . . . . . . . . . Open Door 16 | . . . . . . . . 2 . . . 1 1 11 . . . . . . . . . . . . . 1 Level Access Points 1 | . . . . . . . . . . . . . . . . . . . . . . . . . . . . 1 Branch Access Points 1 | . . . . . . . . . . . . . . . . . . . . . . . . . 1 . . . Emergency Access Points 6 | . . . . . . 1 . . . 1 . 1 . . . . . 1 . . . 1 . 1 . . . . Fabricator Index 1 | . . . . . . . . . 1 . . . . . . . . . . . . . . . . . . . Unreport Threat 12 | . . . . . . . 4 2 . . 1 . 2 . . . 2 . . . . . 1 . . . . . Locate Traps 10 | . . . 2 . . . 1 . 1 . . . . . . . 2 . 1 . . . 1 . . . 2 . Disarm Traps 1 | . . . . . . . 1 . . . . . . . . . . . . . . . . . . . . . Transport Status 1 | . . . . . 1 . . . . . . . . . . . . . . . . . . . . . . . Recall Extermination 1 | . . . . . . . . . . . . . . . . . . . 1 . . . . . . . . . Hauler Manifests 2 | . . . 1 . 1 . . . . . . . . . . . . . . . . . . . . . . . Registered Components 1 | . . . . . . . . . . . . . . . . . . . . . . . 1 . . . . . Registered Prototypes 1 | . . . . . . . . . 1 . . . . . . . . . . . . . . . . . . . Zone Layout 11 | . . . . . 2 . . 2 1 . . . 1 . . . 1 . 2 . . . 1 . . . 1 . Patrol Navigation 2 | . . . . . . 1 . . . . . 1 . . . . . . . . . . . . . . . . Security Stations 1 | . . . . . . . . . . . . . . . . . . . . . . 1 . . . . . . Fabricator Hacks 9 | . . . . . . . . . 4 . 1 . . . . . . . 3 . . . 1 . . . . . Network Status 4 | . . . . . . . . . 1 . 1 . . . . . . . 1 . . . 1 . . . . . Load Schematic 3 | . . . . . . . . . 2 . . . . . . . . . 1 . . . . . . . . . Build 2 | . . . . . . . . . 1 . . . . . . . . . 1 . . . . . . . . . Repair Station Hacks 20 | . . . 3 . 6 . 2 . . . . . 2 1 . . . . . . . . 2 . . 1 2 1 Scan Component 12 | . . . 2 . 3 . 1 . . . . . 1 1 . . . . . . . . 1 . . 1 1 1 Repair 8 | . . . 1 . 3 . 1 . . . . . 1 . . . . . . . . . 1 . . . 1 . Recycling Unit Hacks 2 | . 1 . . . . . . . . . . . . . . . . . . . . . 1 . . . . . Retrieve Components 2 | . 1 . . . . . . . . . . . . . . . . . . . . . 1 . . . . . Scanalyzer 22 | . . . 5 . 4 . 5 . 1 . . . . . . . . . 2 . . . . . 4 . . 1 Insert Component 5 | . . . . . 2 . 2 . . . . . . . . . . . 1 . . . . . . . . . Analyze 3 | . . . . . . . 2 . . . . . . . . . . . 1 . . . . . . . . . Retrieve Study 14 | . . . 5 . 2 . 1 . 1 . . . . . . . . . . . . . . . 4 . . 1 Garrison Access Hacks 26 | . . . . . 1 . . . 3 . 1 . . . . . 1 . 4 . 1 . 3 . 4 2 2 4 Unlock Access 6 | . . . . . 1 . . . 1 . 1 . . . . . 1 . . . 1 . 1 . . . . . Seal Access 10 | . . . . . . . . . 1 . . . . . . . . . 2 . . . 1 . 2 1 1 2 Coupler Status 10 | . . . . . . . . . 1 . . . . . . . . . 2 . . . 1 . 2 1 1 2 Unauthorized Hacks 23 | . 1 . 2 . 2 . 1 2 2 . 2 . 3 2 . . . . . . . . 3 2 . . 1 . Terminals 17 | . . . 2 . 2 . 1 2 1 . 1 . 1 2 . . . . . . . . 2 2 . . 1 . Track 1 | . . . . . . . . . . . . . . . . . . . . . . . . 1 . . . . Assimilate 2 | . . . . . . . . . . . 1 . . . . . . . . . . . . . . . 1 . Botnet 10 | . . . 2 . 1 . 1 1 1 . . . 1 2 . . . . . . . . 1 . . . . . Disrupt 2 | . . . . . 1 . . . . . . . . . . . . . . . . . . 1 . . . . Operators 1 | . . . . . . . . 1 . . . . . . . . . . . . . . . . . . . . Search 1 | . . . . . . . . . . . . . . . . . . . . . . . 1 . . . . . Fabricators 2 | . . . . . . . . . 1 . 1 . . . . . . . . . . . . . . . . . Liberate 2 | . . . . . . . . . 1 . 1 . . . . . . . . . . . . . . . . . Repair Stations . | . . . . . . . . . . . . . . . . . . . . . . . . . . . . . Recycling Units 1 | . 1 . . . . . . . . . . . . . . . . . . . . . . . . . . . Tunnel 1 | . 1 . . . . . . . . . . . . . . . . . . . . . . . . . . . Scanalyzers . | . . . . . . . . . . . . . . . . . . . . . . . . . . . . . Garrison Access 3 | . . . . . . . . . . . . . 2 . . . . . . . . . 1 . . . . . Broadcast 1 | . . . . . . . . . . . . . 1 . . . . . . . . . . . . . . . Decoy 1 | . . . . . . . . . . . . . 1 . . . . . . . . . . . . . . . Reprogram 1 | . . . . . . . . . . . . . . . . . . . . . . . 1 . . . . . Data Cores Recovered 2 | . . . . . . . . . 1 . . . . . . . . . . . . . . . . . 1 . Used 1 | . . . . . . . . . . . . . . . . . . . . . . . . . . . 1 . Hacking Detections 90 | . 2 . 10 . 6 2 4 4 13 3 2 3 6 8 1 . 2 . 5 . 1 1 5 1 2 2 4 3 Full Trace Events 12 | . 1 . 2 . 2 . . . 3 1 1 . 1 . . . . . 1 . . . . . . . . . Feedback Events 3 | . . . . . . . . . 2 . 1 . . . . . . . . . . . . . . . . . Corruption 2 | . . . . . . . . . 1 . 1 . . . . . . . . . . . . . . . . . Hackware Fried 1 | . . . . . . . . . 1 . . . . . . . . . . . . . . . . . . . Feedback Blocked . | . . . . . . . . . . . . . . . . . . . . . . . . . . . . . Robot Schematics Acquired 1 | . . . . . . . . . . . . . 1 . . . . . . . . . . . . . . . Robots Built . | . . . . . . . . . . . . . . . . . . . . . . . . . . . . . Authchips . | . . . . . . . . . . . . . . . . . . . . . . . . . . . . . Time . | . . . . . . . . . . . . . . . . . . . . . . . . . . . . . Total Robot Build Rating . | . . . . . . . . . . . . . . . . . . . . . . . . . . . . . Part Schematics Acquired 4 | . . . . . . . 2 . 1 . . . . . . . . . 1 . . . . . . . . . Parts Built 3 | . . . . . . . . . 2 . . . . . . . . . 1 . . . . . . . . . Authchips . | . . . . . . . . . . . . . . . . . . . . . . . . . . . . . Time 111 | . . . . . . . . . 47 . . . . . . . . . 64 . . . . . . . . . Total Part Build Rating 18 | . . . . . . . . . 10 . . . . . . . . . 8 . . . . . . . . . Part Studies Acquired 14 | . . . 5 . 2 . 1 . 1 . . . . . . . . . . . . . . . 4 . . 1 Parts Repaired 8 | . . . 1 . 3 . 1 . . . . . 1 . . . . . . . . . 1 . . . 1 . Time 364 | . . . 13 . 103 . 26 . . . . . 80 . . . . . . . . . 34 . . . 108 . Parts Recycled . | . . . . . . . . . . . . . . . . . . . . . . . . . . . . . Recycled Matter . | . . . . . . . . . . . . . . . . . . . . . . . . . . . . . Retrieved Matter . | . . . . . . . . . . . . . . . . . . . . . . . . . . . . . Retrieved Components 12 | . 9 . . . . . . . . . . . . . . . . . . . . . 3 . . . . . Parts Scanalyzed 3 | . . . . . . . 2 . . . . . . . . . . . 1 . . . . . . . . . Part Schematics Acquired 3 | . . . . . . . 2 . . . . . . . . . . . 1 . . . . . . . . . Parts Damaged . | . . . . . . . . . . . . . . . . . . . . . . . . . . . . . Bothacking | -11 -10 -10 -9 -9 -8 -8 -8 -8 -7 -7 -7 -7 -6 -6 -6 -6 -6 -6 -5 -5 -5 -5 -4 -4 -3 -3 -2 -1 ------------ Run | Yrd Mat Min Mat Min Mat Gar Mat Sto Fac Gar Fac Gar Fac Ext Cet Arc Hub Gar Fac Was Fac Gar Fac Gar Res Tes Res Acc Used RIF Installer 6 | . . . . . . 1 . . . 1 . 1 . . . . . 1 . . . 1 . 1 . . . . Command Fork 1 | . . . . . . . . . . 1 . . . . . . . . . . . . . . . . . . Signal Jammer 1 | . . . . . . . . . . . . 1 . . . . . . . . . . . . . . . . Patrol Navigation 1 | . . . . . . . . . . . . . . . . . . . . . . 1 . . . . . . Program Shield 1 | . . . . . . . . . . . . . . . . . . . . . . . . 1 . . . . Autooverride 1 | . . . . . . . . . . . . . . . . . . 1 . . . . . . . . . . Robots Hacked 68 | . . . . . . . . 2 7 7 2 5 3 2 . . . 4 4 . . 2 3 6 8 11 . 2 Non-combat 15 | . . . . . . . . 2 2 . . . 3 1 . . . . 2 . . . 1 . 4 . . . Combat 53 | . . . . . . . . . 5 7 2 5 . 1 . . . 4 2 . . 2 2 6 4 11 . 2 Autooverrided 3 | . . . . . . . . . . . . . . . . . . . . . . . 1 . . 2 . . Robot Hacks Applied 81 | . . . . . . . . 2 9 7 3 5 8 3 . . . 4 6 . . 2 2 7 9 11 . 3 parse_system 6 | . . . . . . . . 1 1 . . . . 2 . . . . . . . . . . 1 1 . . no_distress 1 | . . . . . . . . . . . . . . 1 . . . . . . . . . . . . . . find_chute 1 | . . . . . . . . . . . . . . . . . . . . . . . 1 . . . . . drop_inventory 3 | . . . . . . . . . 1 . . . 1 . . . . . . . . . . . 1 . . . find_recycling 1 | . . . . . . . . . . . . . . . . . . . 1 . . . . . . . . . purge_threat 5 | . . . . . . . . . . . . . 3 . . . . . 2 . . . . . . . . . reprogram_traps 1 | . . . . . . . . . . . . . 1 . . . . . . . . . . . . . . . block_reporting 3 | . . . . . . . . . 1 . . . 2 . . . . . . . . . . . . . . . disable_scanner 3 | . . . . . . . . . . . . . . . . . . . . . . . . . . 3 . . find_garrison 3 | . . . . . . . . . 1 . 1 . . . . . . . . . . . . . . . . 1 scatter_targeting 2 | . . . . . . . . . . . . . . . . . . . . . . . . 1 . 1 . . overload_power 1 | . . . . . . . . . . . . . . . . . . . . . . . . 1 . . . . amplify_resonance 5 | . . . . . . . . . . 1 . 1 . . . . . . . . . 1 . . 1 1 . . wipe_record 3 | . . . . . . . . . . . 1 1 . . . . . . . . . . . . 1 . . . reboot_system 4 | . . . . . . . . . 1 1 . . . . . . . . . . . . . . . 2 . . overwrite_iff 11 | . . . . . . . . . 1 2 . 1 . . . . . . 1 . . . 1 3 1 1 . . streamctrl_high 1 | . . . . . . . . . . . . . . . . . . . . . . 1 . . . . . . formatsys_low 8 | . . . . . . . . 1 1 . . . 1 . . . . . 1 . . . . . 2 2 . . formatsys_high 19 | . . . . . . . . . 2 3 1 2 . . . . . 4 1 . . . . 2 2 . . 2 Relay Couplers Released 105 | . . . . . . 15 . . 1 18 . 11 . . . . . 22 4 . . 15 2 12 2 . . 3 Machine Destruction 105 | . . . . . . 15 . . 1 18 . 11 . . . . . 22 4 . . 15 2 12 2 . . 3 Attached 34 | . . . . . . . . 1 4 5 . 3 2 . . . . 6 1 . . 2 1 1 3 2 . 3 Fabnet Peak Effective % . | . . . . . . . . . . . . . . . . . . . . . . . . . . . . . Robots Rewired 33 | . . . . . . . . . . . . 4 2 18 . . . 6 . . . . . 2 . 1 . . Allies Hacked 1 | . . . . . . . . . . . . . . . . . . . 1 . . . . . . . . . Hacks Repelled . | . . . . . . . . . . . . . . . . . . . . . . . . . . . . . Allies | -11 -10 -10 -9 -9 -8 -8 -8 -8 -7 -7 -7 -7 -6 -6 -6 -6 -6 -6 -5 -5 -5 -5 -4 -4 -3 -3 -2 -1 -------- Run | Yrd Mat Min Mat Min Mat Gar Mat Sto Fac Gar Fac Gar Fac Ext Cet Arc Hub Gar Fac Was Fac Gar Fac Gar Res Tes Res Acc Total Allies 103 | . . 3 . . . . . 1 6 5 2 8 3 34 . . . 10 4 1 . 1 4 7 6 6 . 2 Largest Group 25 | . . 3 2 . . . . 1 4 3 4 5 2 25 24 17 10 4 3 3 . 1 2 3 3 3 1 1 Highest-Rated Group 886 | . . 40 32 . . . . 10 90 90 116 166 58 886 861 648 313 198 87 89 . 148 112 285 285 300 154 219 Highest-Rated Ally 251 | . . 16 16 . . . . 10 32 32 32 39 32 159 159 153 39 99 29 31 . 148 56 119 142 251 154 219 Total Orders 45 | . . . . . . . . . 7 6 . 7 2 . . 2 3 1 4 . . 5 . . 3 4 . 1 STAY 29 | . . . . . . . . . 6 4 . 5 1 . . 1 3 1 2 . . 2 . . . 3 . 1 FOLLOW 13 | . . . . . . . . . 1 2 . 2 1 . . 1 . . 2 . . 3 . . . 1 . . AID 2 | . . . . . . . . . . . . . . . . . . . . . . . . . 2 . . . DROP 1 | . . . . . . . . . . . . . . . . . . . . . . . . . 1 . . . Ally Attacks 801 | . . 18 23 . . . . . 28 27 . 61 14 138 80 46 84 49 7 10 . 39 6 27 44 51 16 33 Total Damage 22820 | . . 174 222 . . . . . 657 817 . 1269 565 3337 1890 682 1308 1638 93 200 . 1306 179 958 2367 1720 946 2492 Kills 153 | . . 4 5 . . . . . 10 5 . 9 3 18 7 4 13 11 1 . . 9 1 4 20 10 4 15 Allies Corrupted 2 | . . . . . . . . . . . . . . . . . 1 . . . . . . . . 1 . . Allies Melted 1 | . . . . . . . . . . . . . . 1 . . . . . . . . . . . . . . Intel | -11 -10 -10 -9 -9 -8 -8 -8 -8 -7 -7 -7 -7 -6 -6 -6 -6 -6 -6 -5 -5 -5 -5 -4 -4 -3 -3 -2 -1 ------- Run | Yrd Mat Min Mat Min Mat Gar Mat Sto Fac Gar Fac Gar Fac Ext Cet Arc Hub Gar Fac Was Fac Gar Fac Gar Res Tes Res Acc Active Infowar (turns) 24285 | . . . . . 2769 1437 468 1716 2303 724 137 106 1034 1933 404 432 950 1647 1604 41 8 488 574 1026 1133 1294 709 1348 Optics 14386 | . . . . . . . . . . . . . 795 1933 404 432 950 1647 1604 41 8 488 574 1026 1133 1294 709 1348 Sensors 5648 | . . . . . . . . . . . 137 106 1034 506 . . 160 . 1481 10 . . 571 25 432 259 426 501 IFF 15 | . . . . . . . . . . . . . . . . . . 15 . . . . . . . . . . Terrain 385 | . . . . . . . . . . . . . . . . . . . . . . . . . . . . 385 Traps 1317 | . . . . . . . . . . . . . . 1317 . . . . . . . . . . . . . . Seismic 4442 | . . . . . 2769 1437 . . 173 63 . . . . . . . . . . . . . . . . . . Machine Analysis 5211 | . . . . . . . 468 1716 2303 724 . . . . . . . . . . . . . . . . . . ECM 130 | . . . . . . . . . . . . . 28 . . . . . . . . . . 94 . 8 . . Robot Analysis Total 5 | . 1 . 1 . . . . 1 . . . . . 2 . . . . . . . . . . . . . . Derelict Logs Recovered 2 | . . 1 . 1 . . . . . . . . . . . . . . . . . . . . . . . . Drone Launches . | . . . . . . . . . . . . . . . . . . . . . . . . . . . . . Drone Recoveries . | . . . . . . . . . . . . . . . . . . . . . . . . . . . . . Exploration | -11 -10 -10 -9 -9 -8 -8 -8 -8 -7 -7 -7 -7 -6 -6 -6 -6 -6 -6 -5 -5 -5 -5 -4 -4 -3 -3 -2 -1 ------------- Run | Yrd Mat Min Mat Min Mat Gar Mat Sto Fac Gar Fac Gar Fac Ext Cet Arc Hub Gar Fac Was Fac Gar Fac Gar Res Tes Res Acc Turns Passed 32593 | 156 637 1562 2883 1254 2789 1646 758 1716 2303 796 138 1330 1034 1933 404 432 950 1647 1604 41 8 488 574 1026 1133 1294 709 1348 Spaces Moved 19982 | 73 270 633 1117 562 1002 629 290 628 1467 1447 240 1813 1490 937 169 127 366 768 736 68 22 611 987 769 703 841 481 736 Core 3 | 3 . . . . . . . . . . . . . . . . . . . . . . . . . . . . Treads 9242 | 70 270 633 1117 562 1002 629 290 628 1083 . . . 38 754 169 127 366 768 736 . . . . . . . . . Legs 2925 | . . . . . . . . . . . . . . . . . . . . . . . . 164 703 841 481 736 Wheels . | . . . . . . . . . . . . . . . . . . . . . . . . . . . . . Hover 1625 | . . . . . . . . . . . . . 1442 183 . . . . . . . . . . . . . . Flight 6187 | . . . . . . . . . 384 1447 240 1813 10 . . . . . . 68 22 611 987 605 . . . . Fastest Speed 23 | 50 160 240 160 200 200 200 200 200 23 23 23 23 27 36 160 160 160 160 160 33 33 33 32 28 104 103 104 112 Average Speed 116 | 155 191 240 221 200 200 208 200 200 124 24 23 43 40 138 160 160 160 160 161 33 33 34 32 51 112 104 106 119 Slowest Speed 240 | 160 240 240 240 200 240 240 200 200 200 93 23 99 162 160 160 160 160 160 162 33 33 113 33 190 120 105 116 185 Overloaded Moves 20 | . . . . . . . . . . . . . 5 . . . . . . . . . . 15 . . . . Propulsion Burnouts . | . . . . . . . . . . . . . . . . . . . . . . . . . . . . . Robots Hopped 16 | . . . . . . . . . . 4 1 . . . . . . . . 1 . 2 . 8 . . . . Potential Cave-ins 5 | . . . . . . . . . . . . . . . . . . . . . . . . 4 . . . 1 Cave-ins Triggered 1 | . . . . . . . . . . . . . . . . . . . . . . . . . . . . 1 Exploration Rate (%) 57 | 5 35 98 88 94 72 69 33 93 34 89 9 86 36 87 75 82 57 68 20 84 2 71 29 83 25 92 19 26 Regions Visited 28 Branch Regions 8 Pre-discovered Areas 2 | . 1 1 . . . . . . . . . . . . . . . . . . . . . . . . . . Known Exits Taken 13 | . . . . . 1 . . . 1 . 1 . 1 1 1 1 1 . . . 1 . 1 . 1 1 1 . Unknown Exits Taken 7 | 1 1 1 1 1 . . 1 1 . . . . . . . . . . . . . . . . . . . . Scrap Searched 2 | . . 1 . 1 . . . . . . . . . . . . . . . . . . . . . . . . Spaces Dug 514 | . . . 29 18 40 38 . 3 9 47 . 9 10 105 . . 9 1 13 . . 7 14 112 5 2 3 40 Terrain Destroyed 1377 | . . . 46 48 89 69 9 20 19 69 . 19 111 112 3 22 46 137 71 . . 7 14 195 18 25 118 110 Melee 81 | . . . . . 1 . . . 7 12 . 9 10 . . . 1 1 5 . . 4 10 9 . 1 3 8 Projectile 235 | . . . . 1 32 29 9 20 2 2 . . . 4 3 22 23 9 31 . . 3 4 16 7 9 . 9 AOE 1057 | . . . 46 47 56 40 . . 10 55 . 10 101 105 . . 22 127 35 . . . . 170 11 14 115 93 Terrain Rammed . | . . . . . . . . . . . . . . . . . . . . . . . . . . . . . Walls Destroyed . | . . . . . . . . . . . . . . . . . . . . . . . . . . . . . Machines Disabled . | . . . . . . . . . . . . . . . . . . . . . . . . . . . . . Actions | -11 -10 -10 -9 -9 -8 -8 -8 -8 -7 -7 -7 -7 -6 -6 -6 -6 -6 -6 -5 -5 -5 -5 -4 -4 -3 -3 -2 -1 --------- Run | Yrd Mat Min Mat Min Mat Gar Mat Sto Fac Gar Fac Gar Fac Ext Cet Arc Hub Gar Fac Was Fac Gar Fac Gar Res Tes Res Acc Total 26880 | 98 344 666 1380 662 1570 857 412 977 1835 1790 316 2239 1838 1440 285 290 649 1045 1042 89 22 862 1193 1243 982 1095 606 1053 Wait 3709 | 4 7 19 95 74 319 107 67 223 150 220 68 269 228 251 79 88 216 87 165 . . 196 126 304 134 54 28 131 Move 19927 | 72 269 632 1116 561 1002 628 289 627 1466 1439 238 1812 1489 936 168 126 366 767 736 65 22 607 986 752 702 840 480 734 Hop 13 | . . . . . . . . . . 3 1 . . . . . . . . 1 . 1 . 7 . . . . Pick Up 229 | 7 16 4 20 2 15 8 8 6 18 14 . 15 6 17 5 3 2 12 6 1 . 4 4 2 12 8 6 8 Fast Attach 196 | 6 5 . 6 . 5 1 3 6 8 1 . 3 24 14 5 1 3 13 5 1 . 3 7 13 19 14 10 20 Attach 87 | . . . 3 . 10 11 3 4 8 1 . 6 3 2 . . 2 1 3 4 . 2 3 1 1 5 2 12 Detach 85 | . 3 . 3 . 1 4 1 1 10 1 . 8 5 7 1 1 1 6 1 3 . 2 2 2 3 9 2 8 Swap 378 | . 6 3 23 4 22 1 1 9 32 29 3 19 10 19 5 1 8 34 20 3 . 10 4 22 20 30 15 25 Drop 312 | . 11 2 29 2 14 5 2 15 31 13 . 15 21 18 12 3 4 18 8 11 . 3 8 3 22 21 9 12 Fire 1177 | 8 23 3 78 16 114 77 37 74 34 33 6 41 20 86 10 67 43 61 50 . . 6 9 73 52 84 28 44 Melee 409 | . . . . . 1 . . 2 28 33 . 38 31 25 . . 1 41 16 . . 13 28 43 . 26 25 58 Ram . | . . . . . . . . . . . . . . . . . . . . . . . . . . . . . Kick 16 | . . . . . . . . . . . . . . . . . . . . . . . . . 14 1 1 . Crush 65 | 1 4 3 7 3 22 1 1 5 2 . . . . 6 . . 3 1 6 . . . . . . . . . Escape Stasis 40 | . . . . . . 14 . 4 . 1 . 4 . . . . . . . . . 15 . 1 . . . 1 Rewire 92 | . . . . . . . . 1 . 2 . . 1 59 . . . 3 . . . . . 20 3 3 . . Trap 145 | . . . . . 45 . . . 48 . . 9 . . . . . 1 26 . . . 16 . . . . . Miscellaneous . | . . . . . . . . . . . . . . . . . . . . . . . . . . . . . Route ------- -11/Scrapyard -10/Materials (discovered 2 exits: [*Min x2]) -10/Mines (discovered 4 exits: *Mat x2 / [*Exi] / [*Sub]) -9/Materials (discovered 4 exits: *Mat x3 / [*Min]) -9/Mines (discovered 2 exits: *Mat x2) -8/Materials (discovered 4 exits: *Fac x3 / Gar) -8/Garrison (discovered 2 exits: *Mat x2) -8/Materials (discovered 2 exits: *Sto x2) -8/Storage -7/Factory -7/Garrison (discovered 2 exits: *Fac x2) -7/Factory -7/Garrison (discovered 3 exits: *Fac x3) -6/Factory (discovered 3 exits: *Fac x2 / *Ext) -6/Extension (discovered 2 exits: *Fac / *Cet) -6/Cetus (discovered 2 exits: *Fac / *Arc) -6/Archives (discovered 3 exits: *Fac / *Hub x2) -6/Hub_04(d) (discovered 2 exits: *Fac / Gar) -6/Garrison (discovered 3 exits: *Fac x3) -5/Factory -5/Waste -5/Factory -5/Garrison (discovered 3 exits: *Fac x3) -4/Factory -4/Garrison (discovered 3 exits: *Res x3) -3/Research (discovered 4 exits: *Res / Arm / *Tes x2) -3/Testing -2/Research -1/Access To Epsilon Eridani History --------- Turn | Location | Event 17 | -11/Scrapyard | Discovered new exit (range 15) 157 | -11/Scrapyard | Entered Materials 213 | -10/Materials | Discovered new exit (range 11) 315 | -10/Materials | Build established: Mutant 340 | -10/Materials | Central database locked down 362 | -10/Materials | Discovered new exit (range 6) 794 | -10/Materials | Entered Mines 954 | -10/Mines | Learned location of Storage (-8) 994 | -10/Mines | Learned Materials stockpile data 1197 | -10/Mines | Assisted by bots powering up and referring to "LRC-V3" 1342 | -10/Mines | Discovered new exit (range 14) 1410 | -10/Mines | Deemed a non-threat by the Exiles lab entrance 1413 | -10/Mines | Discovered new exit (range 5) 1517 | -10/Mines | Discovered new exit (range 8) 1837 | -10/Mines | Discovered new exit (range 9) 2053 | -10/Mines | Found a hidden stash of uninstalled traps 2356 | -10/Mines | Entered Materials 2356 | -9/Materials | Accompanied by 2 allies 2356 | -9/Materials | Evolved 2 slots: Propulsion x1, Utility x1 3118 | -9/Materials | Discovered new exit (range 16) 3366 | -9/Materials | Repaired Lgt. Treads 4241 | -9/Materials | Discovered new exit (range 16) 4460 | -9/Materials | Discovered new exit (range 8) 4657 | -9/Materials | Discovered new exit (range 5) 5239 | -9/Materials | Entered Mines 5240 | -9/Mines | Assembled infested the area 5246 | -9/Mines | Received a Rocket Launcher from a helpful Derelict 5312 | -9/Mines | A weapon hastily lodged in a ceiling crevice suddenly fell to the ground 5636 | -9/Mines | Discovered new exit (range 5) 6156 | -9/Mines | Learned Materials emergency access door positions 6308 | -9/Mines | Discovered new exit (range 14) 6493 | -9/Mines | Entered Materials 6493 | -8/Materials | Evolved 2 slots: Utility x2 6539 | -8/Materials | Repaired Lgt. Treads+ 6789 | -8/Materials | Build established: Scavenger-Mutant 6995 | -8/Materials | Repaired Lgt. Treads+ 7058 | -8/Materials | Repaired Hvy. Ion Engine 7388 | -8/Materials | Discovered new exit (range 16) 7894 | -8/Materials | Destroyed 7 combat bots 7920 | -8/Materials | Discovered new exit (range 8) 9254 | -8/Materials | Discovered new exit (range 10) 9282 | -8/Materials | Identified exit to Garrison 9282 | -8/Materials | Entered Garrison 9360 | -8/Garrison | Triggered checkpoint 9445 | -8/Garrison | Garrison Relay disabled 9475 | -8/Garrison | Garrison Relay disabled 9604 | -8/Garrison | Spotted B-75 Beast 9678 | -8/Garrison | Triggered checkpoint 9763 | -8/Garrison | Installed Relay Interface Framework 9930 | -8/Garrison | Garrison Relay disabled 10186 | -8/Garrison | Triggered checkpoint 10256 | -8/Garrison | Build established: Bothacker-Mutant 10278 | -8/Garrison | Triggered checkpoint 10331 | -8/Garrison | Garrison Relay disabled 10433 | -8/Garrison | Discovered new exit (range 14) 10564 | -8/Garrison | Triggered checkpoint 10581 | -8/Garrison | Core integrity fell below 50% 10762 | -8/Garrison | Lost 4 parts (1p1n1u1w) 10802 | -8/Garrison | Discovered new exit (range 10) 10928 | -8/Garrison | Entered Materials 11345 | -8/Materials | Repaired Lgt. Treads+ 11372 | -8/Materials | Discovered new exit (range 8) 11434 | -8/Materials | Discovered new exit (range 16) 11686 | -8/Materials | Entered Storage 12431 | -8/Storage | Core integrity fell below 20% 13029 | -8/Storage | Discovered new exit (range 16) 13402 | -8/Storage | Entered Factory 13402 | -7/Factory | Accompanied by 1 ally 13402 | -7/Factory | Evolved 2 slots: Propulsion x2 13754 | -7/Factory | Hacking Suite fried by hacking feedback 14052 | -7/Factory | Build established: Mutant 14418 | -7/Factory | Garrison activated, responded to threat 14756 | -7/Factory | Fabricated Stasis Canceller? 15008 | -7/Factory | Identified exit to Garrison 15705 | -7/Factory | Entered Garrison 15705 | -7/Garrison | Accompanied by 3 allies 15754 | -7/Garrison | Triggered checkpoint 15789 | -7/Garrison | Build established: Sprinter 15843 | -7/Garrison | Garrison Relay disabled 15850 | -7/Garrison | Destroyed 7 combat bots 15877 | -7/Garrison | Triggered checkpoint 15927 | -7/Garrison | Triggered checkpoint 15968 | -7/Garrison | Discovered new exit (range 12) 15971 | -7/Garrison | Destroyed 7 combat bots 15991 | -7/Garrison | Triggered checkpoint 16075 | -7/Garrison | Triggered checkpoint 16199 | -7/Garrison | Discovered new exit (range 5) 16216 | -7/Garrison | Garrison Relay disabled 16243 | -7/Garrison | Triggered checkpoint 16245 | -7/Garrison | Expanded RIF knowledge: Command Fork 16255 | -7/Garrison | Garrison Relay disabled 16292 | -7/Garrison | Garrison Relay disabled 16372 | -7/Garrison | Identified exit to Factory 16424 | -7/Garrison | Garrison Relay disabled 16441 | -7/Garrison | Triggered checkpoint 16501 | -7/Garrison | Entered Factory 16501 | -7/Factory | Accompanied by 2 allies 16586 | -7/Factory | Identified exit to Garrison 16639 | -7/Factory | Entered Garrison 16639 | -7/Garrison | Accompanied by 4 allies 16743 | -7/Garrison | Triggered checkpoint 16745 | -7/Garrison | Triggered checkpoint 16760 | -7/Garrison | Build established: Bothacker-Sprinter 16806 | -7/Garrison | Lost 5 allies 16855 | -7/Garrison | Expanded RIF knowledge: Signal Jamming 16856 | -7/Garrison | Discovered new exit (range 10) 16945 | -7/Garrison | Triggered checkpoint 16951 | -7/Garrison | Triggered checkpoint 17288 | -7/Garrison | Build established: Sprinter 17352 | -7/Garrison | Discovered new exit (range 3) 17406 | -7/Garrison | Garrison Relay disabled 17456 | -7/Garrison | Lost 3 parts (2n1u) 17548 | -7/Garrison | Garrison Relay disabled 17580 | -7/Garrison | Discovered new exit (range 15) 17623 | -7/Garrison | Identified exit to Factory 17709 | -7/Garrison | Build established: Bothacker-Mutant 17969 | -7/Garrison | Entered Factory 17969 | -6/Factory | Accompanied by 2 allies 17969 | -6/Factory | Evolved 2 slots: Utility x2 18191 | -6/Factory | Build established: Mutant 18242 | -6/Factory | Watched by a mysterious "MATRIX" hacker. 18491 | -6/Factory | Build established: Scout 18509 | -6/Factory | Discovered new exit (range 21) 18516 | -6/Factory | Identified exit to Factory 18648 | -6/Factory | Found Prototype Launcher 18648 | -6/Factory | Identified Scatter Rocket Array 18700 | -6/Factory | Spotted B-75 Beast 18707 | -6/Factory | Discovered exit to Factory (range 12) 18906 | -6/Factory | Repaired Cld. Cesium-ion Thruster? 18999 | -6/Factory | Discovered new exit (range 10) 19003 | -6/Factory | Identified exit to Extension 19003 | -6/Factory | Entered Extension 19216 | -6/Extension | Lost 4 parts (2n2u) 19346 | -6/Extension | Central database locked down 19713 | -6/Extension | Rescued a captive Derelict 19714 | -6/Extension | Rescued a captive Derelict 19784 | -6/Extension | Rescued a captive Derelict 19858 | -6/Extension | Rescued a captive Derelict 19887 | -6/Extension | Rescued a captive Derelict 19890 | -6/Extension | Rescued a captive Derelict 19895 | -6/Extension | Rescued A7 20080 | -6/Extension | Spotted B-75 Beast 20099 | -6/Extension | Spotted B-75 Beast 20109 | -6/Extension | Allies destroyed B-75 Beast 20125 | -6/Extension | Allies destroyed B-75 Beast 20147 | -6/Extension | Lost 5 allies 20212 | -6/Extension | Rescued a captive Derelict 20213 | -6/Extension | Rescued a captive Derelict 20246 | -6/Extension | Rescued a captive Derelict 20247 | -6/Extension | Rescued a captive Derelict 20344 | -6/Extension | Rescued a captive Derelict 20344 | -6/Extension | Rescued a captive Derelict 20363 | -6/Extension | Rescued a captive Derelict 20364 | -6/Extension | Rescued a captive Derelict 20372 | -6/Extension | Rescued a captive Derelict 20392 | -6/Extension | Rescued a captive Derelict 20458 | -6/Extension | Lost 3 allies 20609 | -6/Extension | Build established: Commander-Mutant 20828 | -6/Extension | Discovered exit to Factory (range 10) 20830 | -6/Extension | Discovered new exit (range 6) 20868 | -6/Extension | Identified exit to Cetus 20936 | -6/Extension | Entered Cetus 20936 | -6/Cetus | Accompanied by 24 allies (A7) 20941 | -6/Cetus | Acquired a Cetus Manufacturing Module code from A7 20954 | -6/Cetus | Spotted Cetus Guard 20954 | -6/Cetus | Spotted Cetus Guard 20954 | -6/Cetus | Spotted Cetus Guard 20954 | -6/Cetus | Spotted Cetus Guard 20956 | -6/Cetus | Destroyed Cetus Guard 20963 | -6/Cetus | Destroyed Cetus Guard 20975 | -6/Cetus | Allies destroyed Cetus Guard 20981 | -6/Cetus | Allies destroyed Cetus Guard 21049 | -6/Cetus | Cetus Manufacturing Module disabled 21080 | -6/Cetus | Failed to start Cetus Manufacturing Module 21113 | -6/Cetus | Escorted A7 to Cetus Mainframe 21126 | -6/Cetus | Discovered new exit (range 21) 21165 | -6/Cetus | Spotted Cetus Guard 21166 | -6/Cetus | Spotted Cetus Guard 21168 | -6/Cetus | Spotted Cetus Guard 21172 | -6/Cetus | Spotted Cetus Guard 21183 | -6/Cetus | Allies destroyed Cetus Guard 21195 | -6/Cetus | Allies destroyed Cetus Guard 21199 | -6/Cetus | Allies destroyed Cetus Guard 21202 | -6/Cetus | Discovered exit to Factory (range 21) 21228 | -6/Cetus | Met Revision 17 21229 | -6/Cetus | Lost 6 allies 21287 | -6/Cetus | Identified exit to Archives 21340 | -6/Cetus | Entered Archives 21340 | -6/Archives | Accompanied by 18 allies (A7) 21345 | -6/Archives | Received a hacking code to weaken MAIN.C 21414 | -6/Archives | Discovered new exit (range 21) 21420 | -6/Archives | Discovered new exit (range 20) 21427 | -6/Archives | Lost 6 allies 21520 | -6/Archives | Discovered exit to Factory (range 14) 21741 | -6/Archives | Identified exit to Hub_04(d) 21772 | -6/Archives | Entered Hub_04(d) 21772 | -6/Hub_04(d) | Accompanied by 10 allies 21856 | -6/Hub_04(d) | Found Prototype Processor 21856 | -6/Hub_04(d) | Identified Exp. Targeting Computer 22066 | -6/Hub_04(d) | Lost 3 allies 22093 | -6/Hub_04(d) | Discovered exit to Factory (range 18) 22122 | -6/Hub_04(d) | First assault squad dispatched 22134 | -6/Hub_04(d) | Build established: Scavenger-Mutant 22274 | -6/Hub_04(d) | Network Hub disabled 22340 | -6/Hub_04(d) | Network Hub disabled 22706 | -6/Hub_04(d) | Spotted Lightning 22706 | -6/Hub_04(d) | Spotted Lightning 22706 | -6/Hub_04(d) | Spotted Lightning 22722 | -6/Hub_04(d) | Identified exit to Garrison 22722 | -6/Hub_04(d) | Entered Garrison 23053 | -6/Garrison | Triggered checkpoint 23076 | -6/Garrison | Garrison Relay disabled 23214 | -6/Garrison | Triggered checkpoint 23250 | -6/Garrison | Triggered checkpoint 23294 | -6/Garrison | Triggered checkpoint 23398 | -6/Garrison | Triggered checkpoint 23422 | -6/Garrison | Garrison Relay disabled 23507 | -6/Garrison | Discovered exit to Factory (range 12) 23618 | -6/Garrison | Discovered exit to Factory (range 12) 23630 | -6/Garrison | Garrison Relay disabled 23670 | -6/Garrison | Triggered checkpoint 23706 | -6/Garrison | Garrison Relay disabled 23736 | -6/Garrison | Build established: Bothacker-Mutant 23856 | -6/Garrison | Triggered checkpoint 23905 | -6/Garrison | Expanded RIF knowledge: Autooverride 23925 | -6/Garrison | Garrison Relay disabled 23946 | -6/Garrison | Spotted Executioner 23948 | -6/Garrison | Spotted Executioner 24009 | -6/Garrison | Discovered exit to Factory (range 21) 24122 | -6/Garrison | Destroyed Executioner 24128 | -6/Garrison | Destroyed Executioner 24154 | -6/Garrison | Rewired Striker 24162 | -6/Garrison | Rewired Striker 24194 | -6/Garrison | Destroyed Striker 24242 | -6/Garrison | Destroyed Striker 24369 | -6/Garrison | Entered Factory 24369 | -5/Factory | Evolved 2 slots: Power x1, Propulsion x1 24763 | -5/Factory | Build established: Scavenger-Assassin 25352 | -5/Factory | Build established: Scavenger-Skirmisher 25735 | -5/Factory | Fabricated Impulse Thruster Array? 25973 | -5/Factory | Sucked down chute 25973 | -5/Factory | Entered Waste 25974 | -5/Waste | Met a frightened Derelict 25988 | -5/Waste | 2 allies followed down the chute 25988 | -5/Waste | EMP discharged 25988 | -5/Waste | System corruption reached 10% 25992 | -5/Waste | Spotted C-40 Crusher 25997 | -5/Waste | Spotted C-40 Crusher 26001 | -5/Waste | Spotted C-40 Crusher 26003 | -5/Waste | Spotted C-40 Crusher 26003 | -5/Waste | Spotted C-40 Crusher 26005 | -5/Waste | Spotted C-40 Crusher 26006 | -5/Waste | Discovered new exit (range 22) 26013 | -5/Waste | Identified exit to Factory 26014 | -5/Waste | Entered Factory 26022 | -5/Factory | Identified exit to Garrison 26022 | -5/Factory | Entered Garrison 26032 | -5/Garrison | Garrison Relay disabled 26049 | -5/Garrison | Learned Factory security intel 26128 | -5/Garrison | Discovered new exit (range 11) 26129 | -5/Garrison | Spotted B-90 Cyclops 26136 | -5/Garrison | Hijacked Cyclops 6a control node with streamctrl_high 26260 | -5/Garrison | Triggered checkpoint 26268 | -5/Garrison | Build established: Scavenger-Sprinter 26313 | -5/Garrison | Identified exit to Factory 26317 | -5/Garrison | Destroyed Cyclops 6a 26333 | -5/Garrison | Garrison Relay disabled 26353 | -5/Garrison | Garrison Relay disabled 26462 | -5/Garrison | Triggered checkpoint 26472 | -5/Garrison | Discovered exit to Factory (range 8) 26505 | -5/Garrison | Expanded RIF knowledge: Patrol Navigation 26507 | -5/Garrison | Discovered exit to Factory (range 12) 26510 | -5/Garrison | Entered Factory 26510 | -4/Factory | Evolved 2 slots: Utility x2 26768 | -4/Factory | Build established: Bothacker-Scout 26826 | -4/Factory | Repaired Impulse Thruster Array 27067 | -4/Factory | Identified exit to Garrison 27084 | -4/Factory | Entered Garrison 27084 | -4/Garrison | Accompanied by 2 allies 27095 | -4/Garrison | Expanded RIF knowledge: Program Shield 27100 | -4/Garrison | Triggered checkpoint 27124 | -4/Garrison | Garrison Relay disabled 27173 | -4/Garrison | Triggered checkpoint 27196 | -4/Garrison | Triggered checkpoint 27250 | -4/Garrison | Lost 4 allies 27314 | -4/Garrison | Discovered new exit (range 13) 27357 | -4/Garrison | Heavy support dispatched to Research 27465 | -4/Garrison | Spotted B-86 Titan 27469 | -4/Garrison | Found Relay Coupler [Proto] 27540 | -4/Garrison | Heavy support dispatched to Research 27612 | -4/Garrison | Discovered new exit (range 8) 27614 | -4/Garrison | Triggered checkpoint 27630 | -4/Garrison | H-XX Assembler disabled 27706 | -4/Garrison | Lost 5 parts (1p2n2u) 27749 | -4/Garrison | Garrison Relay disabled 27903 | -4/Garrison | Discovered new exit (range 10) 27920 | -4/Garrison | Triggered checkpoint 27935 | -4/Garrison | Garrison Relay disabled 27999 | -4/Garrison | Spotted Executioner 28001 | -4/Garrison | Spotted Executioner 28016 | -4/Garrison | Allies destroyed Executioner 28025 | -4/Garrison | Allies destroyed Executioner 28026 | -4/Garrison | Found Prototype Processor 28026 | -4/Garrison | Identified Exp. Core Analyzer 28043 | -4/Garrison | Lost 3 parts (1n1u1w) 28052 | -4/Garrison | Found Exp. Targeting Computer 28075 | -4/Garrison | Rewired Executioner 28078 | -4/Garrison | Rewired Executioner 28106 | -4/Garrison | Identified exit to Research 28110 | -4/Garrison | Entered Research 28110 | -3/Research | Accompanied by 3 allies 28110 | -3/Research | Evolved 2 slots: Propulsion x1, Utility x1 28386 | -3/Research | Discovered new exit (range 17) 28407 | -3/Research | Identified exit to Research 28596 | -3/Research | Build established: Botlord-Mutant 29078 | -3/Research | Found Prototype Launcher 29078 | -3/Research | Identified Tactical Quantum Warhead 29086 | -3/Research | Found Tactical Quantum Warhead 29093 | -3/Research | P-80 Master assimilated allied Artificer 8a 29110 | -3/Research | First assault squad dispatched 29142 | -3/Research | Identified exit to Armory 29142 | -3/Research | Identified exit to Testing 29197 | -3/Research | Found Gamma Bomb Array 29243 | -3/Research | Entered Testing 29243 | -3/Testing | Accompanied by 1 ally 29329 | -3/Testing | Found Prototype Energy Cannon 29329 | -3/Testing | Identified Potential Cannon 29449 | -3/Testing | Found Centrium Heavy Armor Plating 29493 | -3/Testing | First assault squad dispatched 29511 | -3/Testing | Garrison activated, responded to threat 29556 | -3/Testing | Destroyed 11 combat bots 29649 | -3/Testing | System corruption reached 10% 29760 | -3/Testing | Build established: Scavenger-Mutant 29769 | -3/Testing | Spotted Striker 29771 | -3/Testing | Spotted Striker 29810 | -3/Testing | Destroyed Striker 29846 | -3/Testing | Destroyed Striker 29854 | -3/Testing | Spotted Alpha 7 29872 | -3/Testing | Destroyed Alpha 7 29884 | -3/Testing | Found Prototype Device 29884 | -3/Testing | Identified Exp. ECM Suite 29955 | -3/Testing | Found Myomer Exoskeleton 29987 | -3/Testing | Found Exp. Shield Generator 30045 | -3/Testing | Spotted Superbehemoth 30102 | -3/Testing | Destroyed Superbehemoth 30185 | -3/Testing | Found Prototype Launcher 30185 | -3/Testing | Identified Ragnarok Missile Launcher 30281 | -3/Testing | Rewired PY-RVOFVMVLE3 30459 | -3/Testing | Discovered exit to Research (range 12) 30537 | -3/Testing | Entered Research 30537 | -2/Research | Accompanied by 1 ally 30537 | -2/Research | Evolved 2 slots: Power x1, Utility x1 30751 | -2/Research | Targeted by mysterious "MATRIX" hacker. 30859 | -2/Research | Repaired Centrium Heavy Armor Plating? 31037 | -2/Research | First assault squad dispatched 31085 | -2/Research | Found Gamma Bomb Array 31216 | -2/Research | Discovered new exit (range 13) 31243 | -2/Research | Identified exit to Access 31246 | -2/Research | Entered Access 31246 | -1/Access | Evolved 2 slots: Utility x1, Weapon x1 31560 | -1/Access | Crushed by falling debris 31591 | -1/Access | Lost 3 parts (3u) 31898 | -1/Access | Build established: Hacker-Gladiator 31926 | -1/Access | Lost 3 parts (1p2u) 31996 | -1/Access | First assault squad dispatched 32101 | -1/Access | Identified exit to Surface 32219 | -1/Access | Spotted B-99 Colossus 32225 | -1/Access | Assimilated Colossus 10a with formatsys_high 32448 | -1/Access | Garrison activated, responded to threat 32594 | *** | Escaped! Last Messages --------------- 32572_ Slug penetrates Terminal. 32573_ The Access Shell folds into the floor. 32575_ Slug penetrates Sealed Heavy Doors. 32576_ Penetrated by Slug. 32578_ Destroyed KE Penetrator. 32578_ H-88 Terminator destroyed. 32578_ Terminal disabled. 32579_ Slug penetrates Sealed Heavy Doors. 32579_ Penetrated by Slug. 32581_ Dropped Exp. Energy Well. 32582_ Extracted 344 energy. 32584_ Slug penetrates Sealed Heavy Doors. 32584_ Penetrated by Slug. 32585_ Extracted 236 energy. 32587_ H-88 Terminator destroyed. 32588_ System corrupted: Component data lost. 32588_ Extracted 20 energy. 32590_ Acquired Exp. Energy Well. 32593_ Power failure, Quantum Reactor shutdown. Map ----- +----------------------------------------------------+ | #?# #???????????# ]!!?????? ?????????? | | #?# #???????????# " ]!??????? ?????????? | | #?# #???????????#""" ????????? #????????? | | #?# #???????????# """ ?????????? #????????? | | #?# #???????????# " ??????????? #????????? | | #?# #???????????# ????????????? #????????? | | #?# #???????????# ?????????????? #????????? | | ### #???????????# ??????????????# #????????? | | " " #???????###########+########## % #???????? | | # ######### %% % #???????? | | = % +???????? | | [ ##########################+###% #???????? | | = #?????????????# ## #????????? | | +?????????????# * ## #????????? | | """ #?????????????# ## #????????? | | " #?????????????# ## #????????? | | # #?????????????# !## #????????? | | # #?????????????# ## #????????? | | # #?????????????###############"# #????????? | | # #?????????????????????###???##" #????????? | | + #????????????########## ####### #????????? | | # #????????????" #????????? | | # #????????????" ####?????? | | # #????????????" ; #?????? | | # ????????????" ; #?????? | | # ????????????" "@ ##????? | | # ???????????" "" #????? | | ### ???????????" [% ; ##????? | | ??########??????????" ;###?????? | | ????????????????????" ;#???????? | | ????????????????????" ##???????? | | ????????????????????########## # # # #????????? | | ?????????????????????????????#######?# #????????? | | ?????????????????????????????????????? #????????? | | ?????????????????????????????????????? #????????? | | ?????????????????????????????????????? #????????? | | ?????????????????????????????????????? /????????? | | ?????????????????????????????????????? #????????? | | ?????????????????????????????????????? #????????? | | ?????????????????????????????????????? #????????? | | ??????????????????????????????????????###????????? | | ?????????????????????????????????????????????????? | | ?????????????????????????????????????????????????? | | ?????????????????????????????????????????????????? | | ?????????????????????????????????????????????????? | | ?????????????????????????????????????????????????? | | ?????????????????????????????????????????????????? | | ?????????????????????????????????????????????????? | | ?????????????????????????????????????????????????? | | ?????????????????????????????????????????????????? | +----------------------------------------------------+ Best States ------------- Heat Dissipation 90 Energy Generation 65 Energy Capacity 1180 Matter Stores 300 Matter Capacity 300 Sight Range 23 Robot Scan Range 18 Terrain Scan Range 24 Terrain Scan Density 110 ECM Strength 3 Armor Coverage 900 Resistance: TH 15 Phase Shifting 15 Evasion (%) 77 Targeting Accuracy 12 Melee Accuracy 8 Core Analysis 8 Recoil Reduction 6 Matter Filtering 30 Offensive Hacking 38 Defensive Hacking 10 Relay Coupler Types 3 Relay Coupler Value 65 Item Schematics ----------------- Imp. VTOL Module | -8/Materials | Scanalyzed Hacking Suite | -8/Materials | Scanalyzed Stasis Canceller | -7/Factory | Hacked Impulse Thruster Array | -5/Factory | Scanalyzed Robot Schematics ------------------ S-27 Virus | -6/Factory | Hacked Fabricated ------------ Stasis Canceller | x2 | -7/Factory Impulse Thruster Array | x1 | -5/Factory Repaired ---------- Lgt. Treads | 63% | -9/Materials Lgt. Treads | 65% | -8/Materials Lgt. Treads | 35% | -8/Materials Hvy. Ion Engine | 12% | -8/Materials Lgt. Treads | 29% | -8/Materials Cld. Cesium-ion Thruster | 22% | -6/Factory Impulse Thruster Array | 43% | -4/Factory Centrium Heavy Armor Plating | 38% | -2/Research Studied --------- Lgt. Treads | -9/Materials | Hacked Wheel | -9/Materials | Hacked Mni. Grenade Launcher | -9/Materials | Hacked Maul | -9/Materials | Hacked Datajack | -9/Materials | Hacked Hvy. Assault Cannon | -8/Materials | Hacked Rocket Launcher | -8/Materials | Hacked Imp. Treads | -8/Materials | Hacked Mic. Nuclear Core | -7/Factory | Hacked Hyp. Mass Driver | -3/Research | Hacked Myomer Leg | -3/Research | Hacked Adv. Remote Datajack | -3/Research | Hacked Flexi-carbon Leg | -3/Research | Hacked Enh. Hardcell Cannon | -1/Access | Hacked Alien Tech Used ----------------- None Achievements -------------- Powerful Protocols Challenges ------------ None Game ------ Seed DerelictAntimissileTearclaws Manual? 0 Play Time 04:24:13 Cumulative 2222.2 hours Start 2026.04.12 @ 23:29:11 End 2026.04.13 @ 04:35:34 Sessions 5 Manual Loads 0 Difficulty Rogue Special Mode None Game No. 1401 Rogue 1397 Adventurer 4 Explorer 0 Win Type 0 Total 316 Types 237/14/26/11/3/1/5/10/5/4 Lore% 99 Gallery% 96 Achievement% 94 Wizard Run 0 Options --------- Layout 2 ASCII 0 Keyboard 1 Movement Vi Keybinds 0 Fullscreen 0 Font 24/Terminus Map View 59x48 Zoom Use 0% Tactical HUD 1 Map Filters NONE Filters NONE Steam 1 RUN: d56a702d-a034-4ddf-873c-8d63800f16bf